Workbook
Name PRINT_AREA_MI: #N/A
Name PRINT_TITLES_MI: #N/A

Sheet CONDICIONES GENERALES
M3: cada contrato debe cumplir con alguno de estos códigos 72101500 -72141300-72153100-49221500
C6: OBJETO: “CONTRATAR A PRECIOS UNITARIOS FIJOS LAS OBRAS NECESARIAS PARA LA CONSTRUCCIÓN DEL PARQUE VECINAL0 IDENTIFICADO CON0 CÓDIGO IDRD 06-061 DENOMINADO URBANIZACIÓN EL TUNAL II, UBICADO EN LA DIAGONAL 44 SUR No. 23B-01, DE LA LOCALIDAD DE TUNJUELITO EN LA CIUDAD DE BOGOTÁ D.C..”.
F7: Duracion: 7 meses
C8: Experiencia en contratos, que incluyan actividades:
C9: EXPERIENCIA GENERAL
C10: |. CONSTRUCCIÓN Y/O RECONSTRUCCIÓN DE PARQUES Ó ||. CONSTRUCCIÓN Y/O RECONSTRUCCIÓN DE ESPACIO PUBLICO Nota 1: Para el caso de experiencia de ESPACIO PÚBLICO se excluyen de estos las vías destinadas al tránsito vehicular, así como la conservación y/o preservación de playas marítimas. Nota 2: En el caso en el cual el proceso de selección contemple actividades de dotación de mobiliario, la experiencia válida aportada deberá acreditar en por lo menos uno (1) de los contratos actividades de suministro e instalación de mobiliario.
N11: PRESUPUESTO OFICIAL (COP) | O11: 1649608355
C12: EXPERIENCIA ESPECIFICA | N12: PRESUPUESTO OFICIAL (SMMLV) | O12: 1649.6084
C13: Con la sumatoria de hasta máximo dos (2) de los contratos válidos aportados como experiencia general deben contemplar un área intervenida o construida sea igual o superior al (70%) del total de metros cuadrados del proceso de selección, el cual corresponde a 3.816 m2.
C15: ACTIVIDAD SECUNDARIA
C16: Por lo menos uno (1) de los contratos válidos aportados como experiencia deben contemplar actividades de CONSTRUCCIÓN Y/O MEJORAMIENTO Y/O REHABILITACIÓN Y/O MANTENIMIEN-TO Y/O ADECUACIÓN Y/O REFORZAMIENTO Y/O INTER-VENCIÓN DE ZONAS VERDES Y/O URBANISMO Y/O PAISAJISMO Y/O PARQUES Y/O ESPACIO PÚBLICO
C19: NÚMERO DE CONTRATOS: C. El Proponente podrá acreditar la experiencia con mínimo uno (1) y máximo seis (6) contratos, sin perjuicio de lo indicado para la acreditación de combinaciones de experiencia y la acreditación de experiencia de los bienes o servicios adicionales a la obra pública de infraestructura social, los cuales serán evaluados teniendo en cuenta la tabla establecida en el numeral 3.5.7 del Pliego de Condiciones, así como el contenido contemplado en la matriz de experiencia aplicable al proyecto de infraestructura social.
C20: CONDICIÓN 1:D. Deben haber terminado antes de la fecha de cierre del presente procedimiento de selección. Esta fecha corresponde al momento de terminación de la ejecución del Contrato, por lo que no necesariamente coincide con la fecha de entrega y/o recibo final, liquidación o acta final, salvo que de los documentos del numeral 3.5.5 se derive tal información.
C21: CONDICIÓN 2:A. En el Clasificador de Bienes y servicios, el segmento correspondiente para la clasificación de la experiencia es el segmento 72. (72101500 -72141300-72153100-49221500)
C22: CONDICIÓN 3: C. En caso de que la Entidad Estatal no solicite combinaciones de experiencia o experiencia adicional por bienes o servicios ajenos a la infraestructura social, si el Proponente relaciona o anexa más de seis (6) contratos en el Formato 3 - Experiencia, para efectos de evaluación de la experiencia se tendrán en cuenta cómo máximo los seis (6) contratos aportados de mayor valor.
C23: CONDICIÓN 4: D. Tratándose de Proponentes Plurales se tendrá en cuenta lo siguiente: i) uno de los integrantes debe aportar como mínimo el cincuenta por ciento (50 %) de la experiencia exigida; ii) los demás integrantes deben acreditar al menos el cinco por ciento (5 %) de la experiencia requerida; y iii) sin perjuicio de lo anterior, solo uno de los integrantes, si así lo considera pertinente, podrá no acreditar experiencia. En este último caso, el porcentaje de participación del integrante que no aporta experiencia relacionada en la estructura plural no podrá superar el cinco por ciento (5 %). Estos porcentajes de experiencia mínima que cumplirán los integrantes del Proponente Plural basta acreditarlos con contratos que cumplan con el requisito de experiencia general exigida en el Pliego de Condiciones y se calcularán sobre el “valor mínimo a certificar (como % del Presupuesto Oficial de obra expresado en SMMLV)” de conformidad con el numeral 3.5.7. Independientemente de el o los integrantes del Proponente Plural que aporten contratos para acreditar la experiencia, estos se tendrán en cuenta para calcular el "Número de contratos con los cuales el Proponente cumple la experiencia acreditada" de que trata el numeral 3.5.7
C24: CONDICIÓN 5: F. Cuando el contrato que se pretende adjuntar como experiencia haya sido ejecutado en Consorcio o en Unión Temporal, el valor a considerar será el registrado en el RUP, o documento válido en caso de que el integrante no esté obligado a tener RUP. En estos casos, la experiencia efectivamente acreditada para el procedimiento de selección será la presentada multiplicada por el porcentaje de participación que tuvo el integrante o los integrantes que presentan la oferta.
C25: CONDICIÓN 6: H. Cuando el contrato que se aporte para la experiencia haya sido ejecutado por un Consorcio o una Unión Temporal, y dos (2) o más de sus integrantes conformen un Proponente Plural para participar en el presente proceso, dicho Contrato se entenderá aportado como un (1) solo Contrato y se tendrá en cuenta para el aporte de la experiencia la sumatoria de los porcentajes de los integrantes del Consorcio o de la Unión Temporal que ejecutaron el Contrato y que están participando en el presente Proceso de Contratación.

Sheet LISTA DE OFERENTES
A1: FONDO DE DESARROLLO LOCAL DE TUNJUELITO
A2: FDLT-LP-004-2022
A3: No. | B3: NOMBRE DEL OFERENTE | C3: REPRESENTANTE LEGAL | E3: TIPO DE OFERENTE | F3: OFERENTE PLURAL | AA3: OBSERVACIONES
F4: Número de Integrantes | G4: INTEGRANTE 1 | K4: INTEGRANTE 2 | O4: INTEGRANTE 3 | S4: INTEGRANTE 4 | W4: INTEGRANTE 5
C5: NOMBRE COMPLETO | D5: C.C. | G5: Nombre Completo | H5: Tipo Identificación | I5: Número Identificación | J5: % Participación | K5: Nombre Completo | L5: Tipo Identificación | M5: Número Identificación | N5: % Participación | O5: Nombre Completo | P5: Tipo Identificación | Q5: Número Identificación | R5: % Participación | S5: Nombre Completo | T5: Tipo Identificación | U5: Número Identificación | V5: % Participación | W5: Nombre Completo | X5: Tipo Identificación | Y5: Número Identificación | Z5: % Participación
A6: 1 | B6: CONSORCIO ESTRUCTURAS Y OBRAS | C6: HORACIO OSPINA REYES | D6: 19292927 | E6: Consorcio | F6: 3 | G6: ESTRUCTURAS DE CONCRETO S.A. | J6: 0.5 | K6: ESTRUCTURAS DE HORMIGON LTDA | N6: 0.25 | O6: OBRAS LTDA | R6: 0.25
A7: 2 | B7: HAPIL INGENIERIA SAS | C7: LUIS CARLOS HANI PIRA | D7: 79518636 | E7: Persona Jurídica | F7: 1 | G7: HAPIL INGENIERIA SAS | J7: 1
A8: 3 | B8: CONSORCIO SAN FIORANO | C8: ISAIAS VARGAS GONZALEZ | D8: 7710012 | E8: Consorcio | F8: 2 | G8: ISAIAS VARGAS GONZALEZ | H8: C.C. | I8: 7710012 | J8: 0.5 | K8: JOHN EDISON JORDAN TEJADA | L8: C.C. | M8: 79628185 | N8: 0.5 | AH8: Persona Natural
A9: 4 | B9: INVERSIONES GUERFOR S.A.S | C9: OSCAR HERNANDO GUERRERO PIÑEROS | D9: 79324622 | E9: Persona Jurídica | F9: 1 | G9: INVERSIONES GUERFOR S.A.S | H9: NIT | I9: 860510142-6 | J9: 1 | AH9: Persona Jurídica
A10: 5 | B10: CONSORCIO PARQUES C&A | C10: INGRID NATHALI TORRES CORTES | D10: 1016022904 | E10: Consorcio | F10: 2 | G10: AGORASPORT SA SUCURSAL COLOMBIA | H10: NIT | I10: 900.513.058-3 | J10: 0.85 | K10: INGENIERIA, CONSULTORIA, SUMINISTROS Y SERVICIOS INTEGRALES S.A.S | L10: NIT | M10: 900819482-8 | N10: 0.15 | AH10: Consorcio
A11: 6 | B11: UNION TEMPORAL TUNAL 2022 | C11: JAIR ERNESTO JULIO COVILLA | D11: 72287632 | E11: Unión Temporal | F11: 2 | G11: ASOCIACION DE MUNICIPIOS DE LA SUBREGION CIENAGA GRANDE DE SANTAMARTA“ASOCIENAGA” | H11: NIT | I11: 819.000.599-0 | J11: 0.95 | K11: CONSTRUCTORA NASAJHI S.A.S | L11: NIT | M11: 900.546.349-3 | N11: 0.05 | AH11: Unión Temporal
A12: 7 | B12: CONSORCIO TUNJUELO 2022 | C12: EDILBERTO MATEUS ALVAREZ | D12: 79450592 | E12: Consorcio | F12: 3 | G12: JOHN WILLIAM CASALLAS JURADO | H12: C.C. | I12: 79453948 | J12: 0.2 | K12: EDILEBERTO MATEUS ALVAREZ | L12: C.C. | M12: 79450592 | N12: 0.4 | O12: PROCIVIN S.A.S | P12: NIT | Q12: 900961137-8 | R12: 0.4
A13: 8 | B13: CONSORCIO INGENIERÍA I | C13: JAIME HERRERA OSORIO | D13: 79655971 | E13: Consorcio | F13: 2 | G13: IC INGENIEROS CONSTRUCTORES SAS | H13: NIT | J13: 0.5 | K13: INGASI SAS | L13: NIT | N13: 0.5
A14: 9 | B14: UNIÓN TEMPORAL BCC PARQUES BOGOTA 2022 | C14: RAUL ERNESTO ARANGO YEPES | D14: 1136887818 | E14: Unión Temporal | F14: 3 | G14: Construlinea Ingeniería S.A.S | H14: NIT | I14: 901.577.103 - 5 | J14: 0.5 | K14: Braycon Ingeniería S.A.S | L14: NIT | M14: 901.373.473 - 9 | N14: 0.4 | O14: Carlos Arturo Arango Salazar | P14: C.C. | Q14: 5902425 | R14: 0.1 | AH14: C.C.
A15: 10 | B15: LAM CONSTRUCCIONES S.A.S | C15: JAIRO VILLAMIZAR SALCEDO | D15: 84034926 | E15: Persona Jurídica | F15: 1 | G15: LAM CONSTRUCCIONES S.A.S | H15: NIT | AH15: NIT
A16: 11 | B16: UNION TEMPORAL PARQUE TUNAL II | C16: OLGA LUCIA GOMEZ | D16: 51668059 | E16: Unión Temporal | F16: 2 | G16: VAREGO SAS | H16: NIT | I16: 900.388.354-2 | J16: 0.5 | K16: EQUIPOS Y CONSTRUCCIONES VAREGO SAS | L16: NIT | M16: 800.229.583-9 | N16: 0.5
A17: 12 | B17: CONSORCIO UNAL AVL-DHE | C17: DIEGO ARMAN CALLEJAS ROCHA | D17: 1,063,486,876 | E17: Consorcio | F17: 2 | G17: AV&L INGENIERIA SAS | H17: NIT | I17: 901.273.116-5 | J17: 0.95 | K17: DHE INGENIERIA SAS | L17: NIT | M17: 901.394.545-0 | N17: 0.05
A18: 13 | B18: CONSORCIO VALHER | C18: WILLIAM HENRY GUEVARA TORRES | D18: 79316195 | E18: Consorcio | F18: 2 | G18: CONSTRUCTORA VALHER SAS | H18: NIT | I18: 900.053.011-3 | J18: 0.95 | K18: MAGDA HEYNNER UMAÑA TORRES | L18: C.C. | M18: 51872330 | N18: 0.05 | AH18: 1
A19: 14 | B19: PAVIMENTOS TECNICOS SAS | C19: JULIAN ANDRES SANTANA LEON | D19: 79683679 | E19: Persona Jurídica | F19: 1 | G19: PAVIMENTOS TECNICOS SAS | H19: NIT | I19: 800.185.572-7 | J19: 1 | AH19: 2
A20: 15 | B20: GESTION RURAL Y URBANA SAS | C20: GILDARDO CASTILLO SANCHEZ | D20: 19265723 | E20: Persona Jurídica | F20: 1 | G20: GESTION RURAL Y URBANA SAS | H20: NIT | I20: 830.128.894-1 | J20: 1 | AH20: 3
A21: 16 | B21: ESTUDIOS E INGENIERIA SAS | C21: IVAN ALONSO PARDO AVILA | D21: 79952890 | E21: Persona Jurídica | F21: 1 | G21: ESTUDIOS E INGENIERIA SAS | H21: NIT | I21: 900.351.236-1 | J21: 1 | AH21: 4
A22: 17 | B22: UNIOBRAS SAS | C22: JOSE ARVEY FORERO SOTO | D22: 79554874 | E22: Persona Jurídica | F22: 1 | G22: UNIOBRAS SAS | H22: NIT | I22: 900.104.795-9 | J22: 1
A23: 18 | B23: CONSORCIO MRTITANIUM | C23: HECTOR ENRIQUE MALDONADO BARRIOS | D23: 88229538 | E23: Consorcio | F23: 2 | G23: GRUPO TITANIUM SAS | H23: NIT | I23: 900.749.719-7 | J23: 0.5 | K23: MR GROUP COL SAS | L23: NIT | M23: 901.187.401-1 | N23: 0.5
A24: 19 | B24: MAMUT ACERO Y CONCRETO SAS | C24: JUAN JOSE GONZALEZ VILLEGAS | D24: 1094242781 | E24: Persona Jurídica | F24: 1 | G24: MAMUT ACERO Y CONCRETO SAS | H24: NIT | I24: 800.210.290-2 | J24: 1
A25: 20 | B25: PROYECTOS E INGENIERIA DE VIAS SAS-PROINVIAS SAS | C25: ANDREA LILIANA NAVARRO GARCIA | D25: 63553781 | E25: Persona Jurídica | F25: 1 | G25: PROYECTOS E INGENIERIA DE VIAS SAS-PROINVIAS SAS | H25: NIT | I25: 901.008.925-2 | J25: 1
A26: 21 | B26: CARLOS ARTURO VERGARA NEGRETE | C26: CARLOS ARTURO VERGARA NEGRETE | D26: 79508558 | E26: Persona Natural
A27: 22 | B27: CJS INGENIERIA SAS | C27: CARLOS HERNANDO SIERRA | D27: 19335515 | E27: Persona Jurídica | X27: C.C | Y27: 1032478395 | Z27: 0.1
A28: 23 | B28: CONSORCIO VECINAL GC | C28: OLGA LORENA PIEDRA CALLE | D28: 369993 | E28: Consorcio | F28: 2 | G28: CONSTRUCPIEDRA CIA LTDA | H28: NIT | I28: 900.303.418-0 | J28: 0.5 | K28: GERMINAR PROYECTOS S.A.S. | L28: NIT | M28: 901.194.419-2 | N28: 0.5
A29: 24 | B29: BYR CONSTRUCCIONES SAS | C29: GEOVANNY ALEXANDER PAEZ HERNANDEZ | D29: 79638902 | E29: Persona Jurídica
A30: 25 | B30: CONSORCIO PANORAMA | C30: LUIS FERNANDO SALGADO ARENAS | D30: 79274870 | E30: Consorcio | F30: 2 | G30: INCIVIAS SAS | H30: NIT | I30: 800.011.687-9 | J30: 0.5 | K30: ID SAS | L30: NIT | M30: 830.007.560-6
A31: 26 | B31: UNIOBRAS DEL ORIENTE SAS | C31: MIRIAM LUZ GUTIERREZ CORREA | D31: 46644261 | E31: Persona Jurídica
A32: 27 | B32: CONSORCIO TUNAL CL | C32: MARIA PAULA GONZALEZ BOZZI | D32: 53177290 | E32: Consorcio
A33: 28 | B33: MAURICIO RAFAEL PABA PINZON | C33: MAURICIO RAFAEL PABA PINZON | D33: 8798107 | E33: Persona Natural
A34: 29 | B34: CONSORCIO CDJ 05 | C34: WILLIAM AUGUSTO ACOSTA LÓPEZ | D34: 79451764 | E34: Consorcio | F34: 2 | G34: WILLIAMS.CO S.A.S. | H34: NIT | I34: 900101834-4 | J34: 0.95 | K34: CDJ GROUP S.A.S | L34: NIT | M34: 901.053.612-3 | N34: 0.05
A35: 30 | B35: CONSORCIO PARQUES INLF | C35: ALEXANDER PATIÑO TORRES | D35: 16077530 | E35: Consorcio | F35: 2 | G35: INCIVIL PRO SAS | H35: NIT | I35: 900,604010-1 | J35: 0.5 | K35: LUFSACIVIL SAS | L35: NIT | M35: 901.407.586-0 | N35: 0.5
A36: 31 | B36: CONSORCIO CONSTRUC. PARQUE TUNAL II | C36: JORGE ANDRES PULIDO OSPINA | D36: 79792527 | E36: Consorcio | F36: 2 | G36: GERMAN RAMIREZ BARBOSA | H36: C.C. | I36: 19342296 | J36: 0.95 | K36: LYD PROYECTOS S.A.S | L36: NIT | M36: 900.311.811-6
A37: 32 | B37: CONSORCIO TUNALITO | C37: DIEGO FERNANDO SIERRA GARCIA | D37: 1098697084 | E37: Consorcio | F37: 2 | G37: INGENIERIA RYD SAS | H37: NIT | I37: 901499915-4 | J37: 0.95 | K37: MAZ INTERVENTORES Y CONSULTORES SAS | L37: NIT | M37: 901361107-6 | N37: 0.05
A38: 33 | B38: CONSORCIO EL TUNAL V4G | C38: CRISTIAN MATEUS ACEVEDO | D38: 91232278 | E38: Consorcio | F38: 2 | G38: VEROCO INGENIERIA S.A.S | H38: NIT | I38: 804001081-8 | J38: 0.6 | K38: 4G CONTRATISTAS SAS | L38: NIT | M38: 901413698-1 | N38: 0.4
A39: 34 | B39: PANAM INGENIEROS SAS | C39: JAIME ANDRES SILVA MATAMOROS | D39: 900.511.471-3 | E39: Persona Jurídica | F39: 1 | G39: PANAM INGENIEROS SAS | H39: NIT | I39: 900.511.471-3 | J39: 1
A40: 35 | B40: CONSORCIO TUNJUELITO VHJ | C40: CRISTIAN ADOLFO NEIRA RUBIANO | D40: 1030676323 | E40: Consorcio | F40: 3 | G40: VERTICES INGENIERIA S.A.S | H40: NIT | I40: 900165937-9 | J40: 0.45 | K40: HINCA S.A.S | L40: NIT | M40: 901274445-8 | N40: 0.5 | O40: JEFFRY ALEJANDRO ASCENCIO MONTENEGRO (jema ingenieros) | P40: NIT | Q40: 1110497559-8 | R40: 0.05
A41: 36 | B41: CONSORCIO PARQUE VECINAL 2022 | C41: Santiago Andrés Sánchez Mantilla | D41: 1098682166 | E41: Consorcio | F41: 3 | G41: IMCCA SAS | H41: NIT | I41: 901538098-1 | J41: 0.48 | K41: FF CONSTRUCCIONES Y CONSULTORIA SAS | L41: NIT | M41: 901.382.452-2 | N41: 0.48 | O41: MEGA ANDINA INVERSIONES SAS | P41: NIT | Q41: 830.104.138-6 | R41: 0.05
A42: 37 | B42: CONSORCIO PARQUE CAIS2022 | C42: ALVARO LUIS VILLANUEVA RIASCOS | D42: 1221971456 | E42: Consorcio | F42: 3 | G42: CONSTRUSOCIAL S.A.S | H42: NIT | I42: 819002537-3 | J42: 0.4 | K42: APIA PROYECTOS Y SOLUCIONES S.A.S | L42: NIT | M42: 900424836 -5 | N42: 0.4 | O42: INCOSS INGENIERIA SAS | P42: NIT | Q42: 900810685 -5 | R42: 0.2
A43: 38 | B43: PHVA CONSTRUCTORES SAS | C43: KELY YICELA QUITIAN CHILA | D43: 1023876148 | E43: Persona Jurídica | F43: 1 | G43: PHVA CONSTRUCTORES SAS | H43: NIT | I43: 900386607-1 | J43: 1

Sheet EVALUACION TÉC PRELIMINAR
A1: FONDO DE DESARROLLO LOCAL DE TUNJUELITO
A2: FDLT-LP-004-2022
A3: REQUISITOS HABILITANTES TÉCNICOS | S3: CUMPLE
S4: NO CUMPLE
A8: 1 | E8: =VLOOKUP(A8,'LISTA DE OFERENTES'!$A$6:$B$38,2,FALSE) -> CONSORCIO ESTRUCTURAS Y OBRAS
A9: NÚMERO DE CONTRATOS PRESENTADOS | B9: 2 | C9: PRESUPUESTO OFICIAL EN SMMLV | D9: =+$E$506 -> 1649.6084
A10: VALOR MÍNIMO A CERTIFICAR | C10: =IF(B9<3,0.75,IF(B9<5,1.2,1.5)) -> 0.75 | D10: =+D9*C10 -> 1237.2063
A11: TERMINO DE EJECUCION EXIGIDO | C11: 44771
A12: TOTAL SALARIOS MINIMOS ACREDITADOS | C12: =+IF(I19>D10,"CUMPLE","NO CUMPLE") -> CUMPLE
A13: CONDICIONES DE EXPERIENCIA | J13: CONDICION N°. 1 (VER TABLA AL FINAL DE LA HOJA) | K13: CONDICION N°. 2 (VER TABLA AL FINAL DE LA HOJA) | L13: CONDICION N°. 4 (VER TABLA AL FINAL DE LA HOJA) | N13: ACTIVIDAD PRINCIPAL EXPERIENCIA GENERAL (PARQUES/ESPACIO PUBLICO) | O13: ACTIVIDAD PRINCIPAL EXPERIENCIA ESPECÍFICA=AREA MAYOR A 70% DEL AREA= 2671,2 m2 MAX 2 CONTRATOS. | Q13: ACTIVIDAD SECUNDARIA EXPERIENCIA ESPECÍFICA: ZONAS VERDES Y/O URBANISMO Y/O PAISAJISMO Y/O PARQUES Y/O ESPACIO PUBLICO | R13: Observación y respuesta a observaciones
A14: Objeto del Contrato | B14: Entidad Contratante | D14: Valor Contrato | E14: Año de ejecución aportado | F14: Area intervenida(m2) | G14: Valor del Contrato en SMMLV | H14: Participación UT/CONSORCIO | I14: Participación en SMMLV | J14: Fecha de terminación del contrato aportado | K14: CODIGO UNSPSC SEGMENTOS (72101500 -72141300-72153100-49221500) | L14: PROPONENTE QUE APOTARTA EL 50% SMMLV(824.80) | M14: Valor aportado
A15: ESTRUCTURAS DE HORMIGON LTDA ; OBRAS LTDA | L15: =+A15 -> ESTRUCTURAS DE HORMIGON LTDA ; OBRAS LTDA | O15: Area validada
A16: REALIZAR POR EL SISTEMA DE PRECIOS UNITARIOS FIJOS SIN FORMULA DE AJUSTE LA CONSTRUCCIÓN DE LAS OBRAS DE LA CUARTA ETAPA DEL PARQUE ZONAL FONTANAR DEL RIO EN BOGOTÁ D.C. | B16: IDRD | D16: 636550279 | E16: 2013 | F16: 5106.11 | G16: =D16/(VLOOKUP(E16,$D$533:$E$564,2,FALSE)) -> 1079.8139 | H16: 0.9 | I16: =H16*G16 -> 971.83249 | J16: 41450 | K16: 72153100 | M16: =I16 -> 971.83249 | N16: CUMPLE | O16: =+CONCATENATE(FIXED(F16*H16,2)," ","m2") -> 4.595,50 m2 | P16: CUMPLE | Q16: CUMPLE | R16: La certificación presentada cumple con los requerimientos del pliego de condiciones, sin embargo no se evidenció instalación de mobiliario.
A17: =+'LISTA DE OFERENTES'!G6 -> ESTRUCTURAS DE CONCRETO S.A.
A18: CONSTRUCION DE AULAS PARA EL JARDIN INFANTIL, LABORATORIO DE CIENCIAS INTEGRADAS, PRQUE INFANTIL, CANCHA MULTIPLE Y SISTEMA DE CALEFACCION SOLAR | B18: PROVINCIA NUESTRA SEÑORA DE GRACIAS DE COLOMBIA | D18: 3.0768383e+08 | E18: 2019 | F18: 597.36 | G18: =D18/(VLOOKUP(E18,$D$533:$E$564,2,FALSE)) -> 371.54678 | H18: 1 | I18: =H18*G18 -> 371.54678 | J18: 43539 | K18: 72101500 -72141300-72153100-49221500 | M18: =I18 -> 371.54678 | N18: CUMPLE | O18: =+CONCATENATE(FIXED(F18*H18,2)," ","m2") -> 597,36 m2 | Q18: CUMPLE | R18: La certificacion presentada cumple con la experiencia general y además CONTIENE MOBILIARIO. Solamente se tuvo en cuenta el presupuesto del parque realizado. Cumple con experiencia secundaria. La experiencia especifica se cumple con el anterior cotrato, por lo tanto no es necesaria validarla para esta certificación.
A19: TOTALES | I19: =SUM(I16:I18) -> 1343.3793 | J19: EXPERIENCIA DEL PROPONENTE | R19: CUMPLE
A21: =A8+1 -> 2 | E21: =VLOOKUP(A21,'LISTA DE OFERENTES'!$A$6:$B$38,2,FALSE) -> HAPIL INGENIERIA SAS
A22: NÚMERO DE CONTRATOS PRESENTADOS | C22: PRESUPUESTO OFICIAL EN SMMLV | D22: =+$E$506 -> 1649.6084
A23: VALOR MÍNIMO A CERTIFICAR | C23: =IF(B22<3,0.75,IF(B22<5,1.2,1.5)) -> 0.75 | D23: =+D22*C23 -> 1237.2063
A24: TERMINO DE EJECUCION EXIGIDO | C24: 44771
A25: TOTAL SALARIOS MINIMOS ACREDITADOS | C25: =+IF(I30>D23,"CUMPLE","NO CUMPLE") -> CUMPLE
A26: CONDICIONES DE EXPERIENCIA | J26: CONDICION N°. 1 (VER TABLA AL FINAL DE LA HOJA) | K26: CONDICION N°. 2 (VER TABLA AL FINAL DE LA HOJA) | L26: CONDICION N°. 4 (VER TABLA AL FINAL DE LA HOJA) | N26: ACTIVIDAD PRINCIPAL EXPERIENCIA GENERAL (PARQUES/ESPACIO PUBLICO) | O26: ACTIVIDAD PRINCIPAL EXPERIENCIA ESPECÍFICA=AREA MAYOR A 70% DEL AREA= 2671,2 m2 MAX 2 CONTRATOS. | Q26: ACTIVIDAD SECUNDARIA EXPERIENCIA ESPECÍFICA: ZONAS VERDES Y/O URBANISMO Y/O PAISAJISMO Y/O PARQUES Y/O ESPACIO PUBLICO | R26: Observación y respuesta a observaciones
A27: Objeto del Contrato | B27: Entidad Contratante | D27: Valor Contrato | E27: Año de ejecución aportado | F27: Area intervenida(m2) | G27: Valor del Contrato en SMMLV | H27: Participación UT/CONSORCIO | I27: Participación en SMMLV | J27: Fecha de terminación del contrato aportado | K27: CODIGO UNSPSC SEGMENTOS (72101500 -72141300-72153100-49221500) | L27: PROPONENTE QUE APOTARTA EL 50% SMMLV(824.80) | M27: Valor aportado
A28: =VLOOKUP(A21,'LISTA DE OFERENTES'!$A$6:$R$38,2,FALSE) -> HAPIL INGENIERIA SAS | L28: =+A28 -> HAPIL INGENIERIA SAS | O28: Area validada
A29: CONTRATAR LA EJECUCIÓN DE ESTUDIOS, DISEÑOS, Y CONSTRUCCIÓN DE LAS OBRAS PRIORIZADAS, INCLUIDO EL ACOMPAÑAMIENTO SOCIAL NECESARIO DEL PROYECTO MEJORAMIENTO INTEGRAL DE LOS BARRIOS, DE LAS COMUNAS 2 Y 3, DE LA CIUDAD DE NEIVA, DEPARTAMENTO DE HUILA | B29: FIDUCIARIA LA PREVISORA SA | D29: 4.593093e+09 | E29: 2021 | F29: 19301.22 | G29: =D29/(VLOOKUP(E29,$D$533:$E$564,2,FALSE)) -> 5055.5439 | H29: 0.3334 | I29: =H29*G29 -> 1685.5183 | J29: 44531 | K29: 721531 | M29: =I29 -> 1685.5183 | N29: CUMPLE | O29: =+CONCATENATE(FIXED(F29*H29,2)," ","m2") -> 6.435,03 m2 | P29: CUMPLE | Q29: CUMPLE | R29: La certificación presentada cumple con los requerimientos del pliego de condiciones, sin embargo no se evidenció instalación de mobiliario.
A30: TOTALES | I30: =SUM(I29:I29) -> 1685.5183 | J30: EXPERIENCIA DEL PROPONENTE | R30: CUMPLE
A32: =A21+1 -> 3 | E32: =VLOOKUP(A32,'LISTA DE OFERENTES'!$A$6:$B$38,2,FALSE) -> CONSORCIO SAN FIORANO
A33: NÚMERO DE CONTRATOS PRESENTADOS | B33: 2 | C33: PRESUPUESTO OFICIAL EN SMMLV | D33: =+$E$506 -> 1649.6084
A34: VALOR MÍNIMO A CERTIFICAR | C34: =IF(B33<3,0.75,IF(B33<5,1.2,1.5)) -> 0.75 | D34: =+D33*C34 -> 1237.2063
A35: TERMINO DE EJECUCION EXIGIDO | C35: 44771
A36: TOTAL SALARIOS MINIMOS ACREDITADOS | C36: =+IF(I43>D34,"CUMPLE","NO CUMPLE") -> CUMPLE
A37: CONDICIONES DE EXPERIENCIA | J37: CONDICION N°. 1 (VER TABLA AL FINAL DE LA HOJA) | K37: CONDICION N°. 2 (VER TABLA AL FINAL DE LA HOJA) | L37: CONDICION N°. 4 (VER TABLA AL FINAL DE LA HOJA) | N37: ACTIVIDAD PRINCIPAL EXPERIENCIA GENERAL (PARQUES/ESPACIO PUBLICO) | O37: ACTIVIDAD PRINCIPAL EXPERIENCIA ESPECÍFICA=MAYOR A 70% DEL AREA= 2671,2 m2 MAX 2 CONTRATOS. | Q37: ACTIVIDAD SECUNDARIA EXPERIENCIA ESPECÍFICA: ZONAS VERDES Y/O URBANISMO Y/O PAISAJISMO Y/O PARQUES Y/O ESPACIO PUBLICO | R37: Observación y respuesta a observaciones
A38: Objeto del Contrato | B38: Entidad Contratante | D38: Valor Contrato | E38: Año de ejecución aportado | F38: Area intervenida(m2) | G38: Valor del Contrato en SMMLV | H38: Participación UT/CONSORCIO | I38: Participación en SMMLV | J38: Fecha de terminación del contrato aportado | K38: CODIGO UNSPSC SEGMENTOS (72101500 -72141300-72153100-49221500) | L38: PROPONENTE QUE APOTARTA EL 50% SMMLV(824.80) | M38: Valor aportado
A39: =VLOOKUP(A32,'LISTA DE OFERENTES'!$A$6:$R$38,7,FALSE) -> ISAIAS VARGAS GONZALEZ | O39: Area validada
A40: CONSTRUCCION ADECUACION Y MEJORAMIENTO DE LA PLANTA FISICA DEL PARQUE RECREACIONAL LA MAGDALENA - MUNICIPIO DEL AGRADO - HUILA | B40: MUNICIPIO DEL AGRADO-HUILA | D40: 1.7797459e+09 | E40: 2015 | F40: 6738.73 | G40: =D40/(VLOOKUP(E40,$D$533:$E$564,2,FALSE)) -> 2762.0794 | H40: 0.5 | I40: =H40*G40 -> 1381.0397 | J40: 42368 | K40: 72101500 -72141300-72153100 | M40: =I40 -> 1381.0397 | N40: CUMPLE | O40: =+CONCATENATE(FIXED(F40*H40,2)," ","m2") -> 3.369,37 m2 | P40: CUMPLE | Q40: CUMPLE | R40: El proponente cumple con los aspectos de experiencia general, especifica y secundaria.
A41: =+'LISTA DE OFERENTES'!K8 -> JOHN EDISON JORDAN TEJADA
A42: CONSTRUCCIÓN PARQUE RONDA SAN PEDRO EN EL MUNICIPIO DE EL AGRADO DEPARTAMENTO DEL HUILA - ETAPA II" | B42: MUNICIPIO DEL AGRADO-HUILA | D42: 3252998080 | E42: 2020 | F42: 7465 | G42: =D42/(VLOOKUP(E42,$D$533:$E$564,2,FALSE)) -> 3705.8407 | H42: 0.51 | I42: =H42*G42 -> 1889.9788 | J42: 44170 | K42: 72101500 | M42: =I42 -> 1889.9788 | N42: CUMPLE | O42: =+CONCATENATE(FIXED(F42*H42,2)," ","m2") -> 3.807,15 m2 | P42: CUMPLE | Q42: CUMPLE | R42: El proponente cumple con los aspectos de experiencia general, especifica y secundaria.
A43: TOTALES | I43: =SUM(I40:I42) -> 3271.0185 | J43: EXPERIENCIA DEL PROPONENTE | R43: CUMPLE
A45: =A32+1 -> 4 | E45: =VLOOKUP(A45,'LISTA DE OFERENTES'!$A$6:$B$38,2,FALSE) -> INVERSIONES GUERFOR S.A.S
A46: NÚMERO DE CONTRATOS PRESENTADOS | B46: 4 | C46: PRESUPUESTO OFICIAL EN SMMLV | D46: =+$E$506 -> 1649.6084
A47: VALOR MÍNIMO A CERTIFICAR | C47: =IF(B46<3,0.75,IF(B46<5,1.2,1.5)) -> 1.2 | D47: =+D46*C47 -> 1979.53
A48: TERMINO DE EJECUCION EXIGIDO | C48: 44771
A49: TOTAL SALARIOS MINIMOS ACREDITADOS | C49: =+IF(I57>D47,"CUMPLE","NO CUMPLE") -> CUMPLE
A50: CONDICIONES DE EXPERIENCIA | J50: CONDICION N°. 1 (VER TABLA AL FINAL DE LA HOJA) | K50: CONDICION N°. 2 (VER TABLA AL FINAL DE LA HOJA) | L50: CONDICION N°. 4 (VER TABLA AL FINAL DE LA HOJA) | N50: ACTIVIDAD PRINCIPAL EXPERIENCIA GENERAL (PARQUES/ESPACIO PUBLICO) | O50: ACTIVIDAD PRINCIPAL EXPERIENCIA ESPECÍFICA=AREA MAYOR A 70% DEL AREA= 2671,2 m2 MAX 2 CONTRATOS. | Q50: ACTIVIDAD SECUNDARIA EXPERIENCIA ESPECÍFICA: ZONAS VERDES Y/O URBANISMO Y/O PAISAJISMO Y/O PARQUES Y/O ESPACIO PUBLICO | R50: Observación y respuesta a observaciones
A51: Objeto del Contrato | B51: Entidad Contratante | D51: Valor Contrato | E51: Año de ejecución aportado | F51: Area intervenida(m2) | G51: Valor del Contrato en SMMLV | H51: Participación UT/CONSORCIO | I51: Participación en SMMLV | J51: Fecha de terminación del contrato aportado | K51: CODIGO UNSPSC SEGMENTOS (72101500 -72141300-72153100-49221500) | L51: PROPONENTE QUE APOTARTA EL 50% SMMLV(824.80) | M51: Valor aportado
A52: INVERSIONES GUERFOR S.A.S | L52: INVERSIONES GUERFOR S.A.S | O52: Area validada
A53: CONTRATAR MEDIANTE EL SISTEMA DE PRECIOS UNITARIOS FIJOS, EL MANTENIMIENTO, ADECUACIÓN Y RECUPERACIÓN DE LA INFRAESTRUCTURA FÍSICA, ASÍ COMO EL SUMINISTRO E INSTALACIÓN DEL MOBILIARIO DE LOS PARQUES VECINALES Y DE BOLSILLO QUE HACEN PARTE DEL SISTEMA DISTRITAL DE PARQUES.” GRUPO 1 | B53: IDRD | D53: $ 5.858.976.013 | E53: 2019 | F53: 0 | G53: 7075.07 | H53: 0.4 | I53: 2830.03 | J53: 43663 | K53: 72101500 -72141300-72153100-49221500 | M53: 2830.03 | N53: CUMPLE | O53: 0,00 m2 | P53: NO CUMPLE | Q53: NO CUMPLE | R53: Para la experiencia general cumple según objeto reportado, sin embargo, las certificaciones aportadas no permite establecer el área intervenida para la actividad principal (experiencia especifica), igualmente, no se puede evidenciar las actividades ejecutadas en el contrato, para cumplir con la actividad secundaria.
A54: CONTRATAR MEDIANTE EL SISTEMA DE PRECIOS UNITARIOS FIJOS, EL MANTENIMIENTO, ADECUACIÓN Y RECUPERACIÓN DE LA INFRAESTRUCTURA FÍSICA, ASÍ COMO EL SUMINISTRO E INSTALACIÓN DEL MOBILIARIO DE LOS PARQUES VECINALES Y DE BOLSILLO QUE HACEN PARTE DEL SISTEMA DISTRITAL DE PARQUES.” GRUPO 2 | B54: IDRD | D54: $ 4.397.636.945 | E54: 2019 | F54: 0 | G54: 5310.41 | H54: 0.4 | I54: 2124.16 | J54: 43646 | K54: 72101500 -72141300-72153100-49221500 | M54: 2124.16 | N54: CUMPLE | O54: 0,00 m2 | P54: NO CUMPLE | Q54: NO CUMPLE | R54: Para la experiencia general cumple según objeto reportado, sin embargo, las certificaciones aportadas no permite establecer el área intervenida para la actividad principal (experiencia especifica), igualmente, no se puede evidenciar las actividades ejecutadas en el contrato, para cumplir con la actividad secundaria.
A55: CONTRATAR MEDIANTE EL SISTEMA DE PRECIOS UNITARIOS FIJOS, EL MANTENIMIENTO, ADECUACIÓN Y RECUPERACIÓN DE LA INFRAESTRUCTURA FÍSICA, ASÍ COMO EL SUMINISTRO E INSTALACIÓN DEL MOBILIARIO DE LOS PARQUES VECINALES Y DE BOLSILLO QUE HACEN PARTE DEL SISTEMA DISTRITAL DE PARQUES.” GRUPO 3 | B55: IDRD | D55: $ 5.585.976.015 | E55: 2019 | F55: 0 | G55: 6745.4 | H55: 0.4 | I55: 2698.16 | J55: 43665 | K55: 72101500 -72141300-72153100-49221500 | M55: 2698.16 | N55: CUMPLE | O55: 0,00 m2 | P55: NO CUMPLE | Q55: NO CUMPLE | R55: Para la experiencia general cumple según objeto reportado, sin embargo, las certificaciones aportadas no permite establecer el área intervenida para la actividad principal (experiencia especifica), igualmente, no se puede evidenciar las actividades ejecutadas en el contrato, para cumplir con la actividad secundaria.
A56: ELABORACION DEL DIAGNÓSTICO Y EJECUCIÓN DE OBRAS DE REHABILITACIÓN Y MANTENIMIENTO DE LAS VÍAS PEATONALES SPRATT BIGHT Y GENNY BAY | B56: PATRIMONIO AUTONOMO FINDETER - ARCHIPIÉLAGO DE SAN ANDRÉS | D56: $ 1.676.531.872 | E56: 2021 | F56: 0 | G56: 1845.33 | H56: 0.5 | I56: 922.67 | J56: 44525 | K56: 72101500 --72153100-49221500 | M56: 922.67 | N56: CUMPLE | O56: 0,00 m2 | P56: NO CUMPLE | Q56: NO CUMPLE | R56: Para la experiencia general cumple según objeto reportado, sin embargo, las certificaciones aportadas no permite establecer el área intervenida para la actividad principal (experiencia especifica), igualmente, no se puede evidenciar las actividades ejecutadas en el contrato, para cumplir con la actividad secundaria.
A57: TOTALES | I57: 8575.02 | J57: EXPERIENCIA DEL PROPONENTE | R57: NO CUMPLE
A59: =A45+1 -> 5 | E59: =VLOOKUP(A59,'LISTA DE OFERENTES'!$A$6:$B$38,2,FALSE) -> CONSORCIO PARQUES C&A
A60: NÚMERO DE CONTRATOS PRESENTADOS | B60: 4 | C60: PRESUPUESTO OFICIAL EN SMMLV | D60: =+$E$506 -> 1649.6084
A61: VALOR MÍNIMO A CERTIFICAR | C61: =IF(B60<3,0.75,IF(B60<5,1.2,1.5)) -> 1.2 | D61: =+D60*C61 -> 1979.53
A62: TERMINO DE EJECUCION EXIGIDO | C62: 44771
A63: TOTAL SALARIOS MINIMOS ACREDITADOS | C63: =+IF(I72>D61,"CUMPLE","NO CUMPLE") -> CUMPLE
A64: CONDICIONES DE EXPERIENCIA | J64: CONDICION N°. 1 (VER TABLA AL FINAL DE LA HOJA) | K64: CONDICION N°. 2 (VER TABLA AL FINAL DE LA HOJA) | L64: CONDICION N°. 4 (VER TABLA AL FINAL DE LA HOJA) | N64: ACTIVIDAD PRINCIPAL EXPERIENCIA GENERAL (PARQUES/ESPACIO PUBLICO) | O64: ACTIVIDAD PRINCIPAL EXPERIENCIA ESPECÍFICA=AREA MAYOR A 70% DEL AREA= 2671,2 m2 MAX 2 CONTRATOS. | Q64: ACTIVIDAD SECUNDARIA EXPERIENCIA ESPECÍFICA: ZONAS VERDES Y/O URBANISMO Y/O PAISAJISMO Y/O PARQUES Y/O ESPACIO PUBLICO | R64: Observación y respuesta a observaciones
A65: Objeto del Contrato | B65: Entidad Contratante | D65: Valor Contrato | E65: Año de ejecución aportado | F65: Area intervenida(m2) | G65: Valor del Contrato en SMMLV | H65: Participación UT/CONSORCIO | I65: Participación en SMMLV | J65: Fecha de terminación del contrato aportado | K65: CODIGO UNSPSC SEGMENTOS (72101500 -72141300-72153100-49221500) | L65: PROPONENTE QUE APOTARTA EL 50% SMMLV(824.80) | M65: Valor aportado
A66: =+'LISTA DE OFERENTES'!G10 -> AGORASPORT SA SUCURSAL COLOMBIA | L66: =+A66 -> AGORASPORT SA SUCURSAL COLOMBIA | O66: Area validada
A67: CONSTRUCCION PARQUE DEPORTIVO Y RECREATIVO LAS VEGAS-ZONA DE FUTBOL MELGAR (TOLIMA) | B67: ALCALDIA DE MELGAR | D67: =18008440575.8-(935101481+82429000)*1.3 -> 1.6685651e+10 | E67: 2015 | F67: =1517.25+4020.57+433.44+401.28+669.8 -> 7042.34 | G67: =D67/(VLOOKUP(E67,$D$533:$E$564,2,FALSE)) -> 25895.322 | H67: 1 | I67: =H67*G67 -> 25895.322 | J67: 42357 | K67: 72101500 -72141300-72153100-49221500 | M67: =I67 -> 25895.322 | N67: CUMPLE | O67: =+CONCATENATE(FIXED(F67*H67,2)," ","m2") -> 7.042,34 m2 | P67: CUMPLE | Q67: CUMPLE | R67: La certificación cumple con todo lo enunciado. Presenta instalación de mobiliario. La certificación cumple con actividad principal general, actividad especifica y actividad secundaria.
A68: CONSTRUCCION COLISEO PARQUE LAS VEGAS ,CONSTRUCCION CUBIERTA Y ADECUACION POLIDEPORTIVO DEL BARRIO LA FLORIDA ,CONTRUCCION CUBIERTA Y ADECUACION DEL POLIDEPORTIVO DEL BARRIO ICACAL DEL MUNICIPIO DE MELGAR - TOLIMA. | B68: ALCALDIA DE MELGAR | D68: =(559738963+126792745+13976865+29119620+19042902.93+11755800+21790080.78)*1.3 -> 1.0168821e+09 | E68: 2015 | F68: 0 | G68: =D68/(VLOOKUP(E68,$D$533:$E$564,2,FALSE)) -> 1578.1517 | H68: 1 | I68: =H68*G68 -> 1578.1517 | J68: 42308 | K68: 72101500 -72141300-72153100-49221500 | M68: =I68 -> 1578.1517 | N68: CUMPLE | O68: =+CONCATENATE(FIXED(F68*H68,2)," ","m2") -> 0,00 m2 | Q68: CUMPLE | R68: Unicamente se tuvieron en cuenta las actividades que tienen relación con espacio público y/o parques. La certificación cumple con experiencia general y con experiencia secundaria.
A69: =+'LISTA DE OFERENTES'!K10 -> INGENIERIA, CONSULTORIA, SUMINISTROS Y SERVICIOS INTEGRALES S.A.S
A70: CONSTRUCCION DE GIMNASIO AL AIRE LIBRE EN EL MUNICIPIO DE LOPEZ DE MICAY-DEPARTAMENTO DEL CAUCA | B70: MUNICIPIO DE LOPEZ DE MICAY | D70: 576366927 | E70: 2020 | F70: 1038 | G70: =D70/(VLOOKUP(E70,$D$533:$E$564,2,FALSE)) -> 656.60168 | H70: 1 | I70: =H70*G70 -> 656.60168 | J70: 43900 | K70: 72101500 -72141300-72153100-49221500 | M70: =I70 -> 656.60168 | N70: CUMPLE | O70: =+CONCATENATE(FIXED(F70*H70,2)," ","m2") -> 1.038,00 m2 | Q70: CUMPLE | R70: La certificación cumple con todo lo enunciado. Presenta instalación de mobiliario. La certificación cumple con actividad principal general y actividad secundaria.
A71: CONSTRUCCION DE GIMNASIO BIOSALUDABLES EN DIFERENTES MUNICIPIOS DEL DEPARTAMENTO DEL HUILA | B71: INDERHUILA | D71: 4197495289 | E71: 2018 | F71: 436.82 | G71: =D71/(VLOOKUP(E71,$D$533:$E$564,2,FALSE)) -> 5372.849 | H71: 0.9 | I71: =H71*G71 -> 4835.5641 | J71: 43455 | K71: 72101500 -72153100 | M71: =I71 -> 4835.5641 | N71: CUMPLE | O71: =+CONCATENATE(FIXED(F71*H71,2)," ","m2") -> 393,14 m2 | Q71: CUMPLE | R71: La certificación cumple con todo lo enunciado. Presenta instalación de mobiliario. La certificación cumple con actividad principal general y actividad secundaria.
A72: TOTALES | I72: =SUM(I67:I71) -> 32965.64 | J72: EXPERIENCIA DEL PROPONENTE | R72: CUMPLE
A74: =A59+1 -> 6 | E74: =VLOOKUP(A74,'LISTA DE OFERENTES'!$A$6:$B$38,2,FALSE) -> UNION TEMPORAL TUNAL 2022
A75: NÚMERO DE CONTRATOS PRESENTADOS | B75: 1 | C75: PRESUPUESTO OFICIAL EN SMMLV | D75: =+$E$506 -> 1649.6084
A76: VALOR MÍNIMO A CERTIFICAR | C76: =IF(B75<3,0.75,IF(B75<5,1.2,1.5)) -> 0.75 | D76: =+D75*C76 -> 1237.2063
A77: TERMINO DE EJECUCION EXIGIDO | C77: 44771
A78: TOTAL SALARIOS MINIMOS ACREDITADOS | C78: =+IF(I83>D76,"CUMPLE","NO CUMPLE") -> CUMPLE
A79: CONDICIONES DE EXPERIENCIA | J79: CONDICION N°. 1 (VER TABLA AL FINAL DE LA HOJA) | K79: CONDICION N°. 2 (VER TABLA AL FINAL DE LA HOJA) | L79: CONDICION N°. 4 (VER TABLA AL FINAL DE LA HOJA) | N79: ACTIVIDAD PRINCIPAL EXPERIENCIA GENERAL (PARQUES/ESPACIO PUBLICO) | O79: ACTIVIDAD PRINCIPAL EXPERIENCIA ESPECÍFICA=AREA MAYOR A 70% DEL AREA= 2671,2 m2 MAX 2 CONTRATOS. | Q79: ACTIVIDAD SECUNDARIA EXPERIENCIA ESPECÍFICA: ZONAS VERDES Y/O URBANISMO Y/O PAISAJISMO Y/O PARQUES Y/O ESPACIO PUBLICO | R79: Observación y respuesta a observaciones
A80: Objeto del Contrato | B80: Entidad Contratante | D80: Valor Contrato | E80: Año de ejecución aportado | F80: Area intervenida(m2) | G80: Valor del Contrato en SMMLV | H80: Participación UT/CONSORCIO | I80: Participación en SMMLV | J80: Fecha de terminación del contrato aportado | K80: CODIGO UNSPSC SEGMENTOS (72101500 -72141300-72153100-49221500) | L80: PROPONENTE QUE APOTARTA EL 50% SMMLV(824.80) | M80: Valor aportado
A81: ASOCIACION DE MUNICIPIOS DE LA SUBREGION CIENAGA GRANDE DE SANTAMARTA “ASOCIENAGA” | L81: =+A81 -> ASOCIACION DE MUNICIPIOS DE LA SUBREGION CIENAGA GRANDE DE SANTAMARTA “ASOCIENAGA” | O81: Area validada
A82: ADECUACION Y RECUPERACION DEL PARQUE CENTRAL DEL MUNICIPIO DE SALAMINA EN EL DEPARTAMENTO DEL MAGDALENA | B82: MUNICIPIO DE SALAMINA,MAGDALENA | D82: 3679625955 | E82: 2018 | F82: 3765.77 | G82: =D82/(VLOOKUP(E82,$D$533:$E$564,2,FALSE)) -> 4709.9695 | H82: 1 | I82: =H82*G82 -> 4709.9695 | J82: 43452 | K82: 72101500 -72141300-72153100 | M82: =I82 -> 4709.9695 | N82: CUMPLE | O82: =+CONCATENATE(FIXED(F82*H82,2)," ","m2") -> 3.765,77 m2 | P82: CUMPLE | Q82: CUMPLE | R82: El proponente cumple con la actividad principal, cumple el área de la actividad especifica y además contempla actividades de paisajismo /urbanismo/ espacio publico segun pliego de condiciones. Las actividades de construcción de otros elementos los cuales funcionarán presentaciones o plazoletas, son tenidas en cuenta como actividades de espación publico, teniendo en cuenta que pertecene a un municipio como parque central.
A83: TOTALES | I83: =SUM(I82:I82) -> 4709.9695 | J83: EXPERIENCIA DEL PROPONENTE | R83: CUMPLE
A85: =A74+1 -> 7 | E85: =VLOOKUP(A85,'LISTA DE OFERENTES'!$A$6:$B$38,2,FALSE) -> CONSORCIO TUNJUELO 2022
A86: NÚMERO DE CONTRATOS PRESENTADOS | B86: 3 | C86: PRESUPUESTO OFICIAL EN SMMLV | D86: =+$E$506 -> 1649.6084
A87: VALOR MÍNIMO A CERTIFICAR | C87: =IF(B86<3,0.75,IF(B86<5,1.2,1.5)) -> 1.2 | D87: =+D86*C87 -> 1979.53
A88: TERMINO DE EJECUCION EXIGIDO | C88: 44771
A89: TOTAL SALARIOS MINIMOS ACREDITADOS | C89: =+IF(I98>D87,"CUMPLE","NO CUMPLE") -> CUMPLE
A90: CONDICIONES DE EXPERIENCIA | J90: CONDICION N°. 1 (VER TABLA AL FINAL DE LA HOJA) | K90: CONDICION N°. 2 (VER TABLA AL FINAL DE LA HOJA) | L90: CONDICION N°. 4 (VER TABLA AL FINAL DE LA HOJA) | N90: ACTIVIDAD PRINCIPAL EXPERIENCIA GENERAL (PARQUES/ESPACIO PUBLICO) | O90: ACTIVIDAD PRINCIPAL EXPERIENCIA ESPECÍFICA=AREA MAYOR A 70% DEL AREA= 2671,2 m2 MAX 2 CONTRATOS. | Q90: ACTIVIDAD SECUNDARIA EXPERIENCIA ESPECÍFICA: ZONAS VERDES Y/O URBANISMO Y/O PAISAJISMO Y/O PARQUES Y/O ESPACIO PUBLICO | R90: Observación y respuesta a observaciones
A91: Objeto del Contrato | B91: Entidad Contratante | D91: Valor Contrato | E91: Año de ejecución aportado | F91: Area intervenida(m2) | G91: Valor del Contrato en SMMLV | H91: Participación UT/CONSORCIO | I91: Participación en SMMLV | J91: Fecha de terminación del contrato aportado | K91: CODIGO UNSPSC SEGMENTOS (72101500 -72141300-72153100-49221500) | L91: PROPONENTE QUE APOTARTA EL 50% SMMLV(824.80) | M91: Valor aportado
A92: =VLOOKUP(A85,'LISTA DE OFERENTES'!$A$6:$R$38,7,FALSE) -> JOHN WILLIAM CASALLAS JURADO | L92: =+A96 -> PROCIVIN S.A.S | O92: Area validada
A93: "CONTRATAR POR EL SISTEMA DE PRECIOS UNITARIOS FIJOS, LAS OBRAS DE CONSTRUCCION Y/O ADECUACION DE PARQUES EN LAS AREAS DE MEJORAMIENTO INTEGRAL PRIORIZADAS POR LA SDHT EN EL MARCO DEL CONVENIO INTERADMINISTRATIVO N°2018(2017-IDRD) DEL 20 DE ABRIL DE 2015 CON CARGO AL PROYECTO DE INVERSION 1082: CONSTRUCCION Y ADECUACION DE PARQUES Y EQUIPAMIENTO PARA TODOS" | B93: IDRD | D93: 4737787374 | E93: 2018 | F93: =17732.95+9012 -> 26744.95 | G93: =D93/(VLOOKUP(E93,$D$533:$E$564,2,FALSE)) -> 6064.4299 | H93: 0.34 | I93: =H93*G93 -> 2061.9062 | J93: 43452 | K93: 72101500 -72141300-72153100 | M93: =I93 -> 2061.9062 | N93: CUMPLE | O93: =+CONCATENATE(FIXED(F93*H93,2)," ","m2") -> 9.093,28 m2 | P93: CUMPLE | Q93: CUMPLE | R93: La certificacion presenta mobiliario en su actividad principal, cumple con experiencia principal general y especifica y contiene actividades de paisajismo y urbanismo .
A94: =VLOOKUP(A85,'LISTA DE OFERENTES'!$A$6:$R$38,11,FALSE) -> EDILEBERTO MATEUS ALVAREZ
A95: REALIZAR POR EL SISTEMA DE PRECIOS GLOBAL FIJO LOS DISEÑOS Y ESTUDIOS Y POR EL SISTEMA DE PRECIOS UNITARIOS FIJOS LA CONSTRUCCION DE DIFERENTES PARQUES DE LA LOCALIDAD DE SUBA DE BOGOTA | B95: IDRD | D95: 1122116902 | E95: 2009 | F95: 6348 | G95: =D95/(VLOOKUP(E95,$D$533:$E$564,2,FALSE)) -> 2258.2349 | H95: 0.67 | I95: =H95*G95 -> 1513.0174 | J95: 40091 | K95: 72101500 -72141300-72153100 | M95: =I95 -> 1513.0174 | N95: CUMPLE | O95: =+CONCATENATE(FIXED(F95*H95,2)," ","m2") -> 4.253,16 m2 | P95: CUMPLE | Q95: CUMPLE | R95: La certificacion presenta mobiliario en su actividad principal, cumple con experiencia principal general y especifica y contiene actividades de paisajismo y urbanismo .
A96: =VLOOKUP(A85,'LISTA DE OFERENTES'!$A$6:$R$38,15,FALSE) -> PROCIVIN S.A.S
A97: REALIZAR LAS OBRAS DE CONSTRUCCION Y ADECUACION DEL PARQUE ZONAL SIERRA MORENA, LOCALIDAD DE CIUDAD BOLIVAR | B97: IDRD | D97: 9925109755 | E97: 2019 | F97: 23145 | G97: =D97/(VLOOKUP(E97,$D$533:$E$564,2,FALSE)) -> 11985.168 | H97: 0.25 | I97: =H97*G97 -> 2996.2921 | J97: 43828 | K97: 72101500 -72141300-72153100 | M97: =I97 -> 2996.2921 | N97: CUMPLE | O97: =+CONCATENATE(FIXED(F97*H97,2)," ","m2") -> 5.786,25 m2 | P97: CUMPLE | Q97: CUMPLE | R97: La certificacion presenta mobiliario y juegos en su actividad principal, cumple con experiencia principal general y especifica y contiene actividades de paisajismo y urbanismo.
A98: TOTALES | I98: =SUM(I93:I97) -> 6571.2156 | J98: EXPERIENCIA DEL PROPONENTE | R98: CUMPLE
A100: =A85+1 -> 8 | E100: =VLOOKUP(A100,'LISTA DE OFERENTES'!$A$6:$B$38,2,FALSE) -> CONSORCIO INGENIERÍA I
A101: NÚMERO DE CONTRATOS PRESENTADOS | B101: 2 | C101: PRESUPUESTO OFICIAL EN SMMLV | D101: =+$E$506 -> 1649.6084
A102: VALOR MÍNIMO A CERTIFICAR | C102: =IF(B101<3,0.75,IF(B101<5,1.2,1.5)) -> 0.75 | D102: =+D101*C102 -> 1237.2063
A103: TERMINO DE EJECUCION EXIGIDO | C103: 44771
A104: TOTAL SALARIOS MINIMOS ACREDITADOS | C104: =+IF(I111>D102,"CUMPLE","NO CUMPLE") -> CUMPLE
A105: CONDICIONES DE EXPERIENCIA | J105: CONDICION N°. 1 (VER TABLA AL FINAL DE LA HOJA) | K105: CONDICION N°. 2 (VER TABLA AL FINAL DE LA HOJA) | L105: CONDICION N°. 4 (VER TABLA AL FINAL DE LA HOJA) | N105: ACTIVIDAD PRINCIPAL EXPERIENCIA GENERAL (PARQUES/ESPACIO PUBLICO) | O105: ACTIVIDAD PRINCIPAL EXPERIENCIA ESPECÍFICA=AREA MAYOR A 70% DEL AREA= 2671,2 m2 MAX 2 CONTRATOS. | Q105: ACTIVIDAD SECUNDARIA EXPERIENCIA ESPECÍFICA: ZONAS VERDES Y/O URBANISMO Y/O PAISAJISMO Y/O PARQUES Y/O ESPACIO PUBLICO | R105: Observación y respuesta a observaciones
A106: Objeto del Contrato | B106: Entidad Contratante | D106: Valor Contrato | E106: Año de ejecución aportado | F106: Area intervenida(m2) | G106: Valor del Contrato en SMMLV | H106: Participación UT/CONSORCIO | I106: Participación en SMMLV | J106: Fecha de terminación del contrato aportado | K106: CODIGO UNSPSC SEGMENTOS (72101500 -72141300-72153100-49221500) | L106: PROPONENTE QUE APOTARTA EL 50% SMMLV(824.80) | M106: Valor aportado
A107: IC INGENIEROS CONSTRUCTORES SAS | O107: Area validada
G108: #N/A | I108: #N/A | M108: #N/A | N108: CUMPLE | O108: 0,00 m2 | P108: CUMPLE | Q108: CUMPLE | R108: El proponente no presenta el formato No 3 ni certificaciones o soportes asociados.
A109: INGASI SAS
G110: #N/A | I110: #N/A | M110: #N/A | N110: CUMPLE | O110: 0,00 m2 | P110: NO CUMPLE | Q110: NO CUMPLE | R110: El proponente no presenta el formato No 3 ni certificaciones o soportes asociados.
...

Sheet F. PONDERABLES PRELIMINAR
A1: FONDO DE DESARROLLO LOCAL DE TUNJUELITO
A2: FDLT-LP-004-2022
A3: FACTORES PONDERABLES
A7: FACTORES PONDERABLES / PUNTAJE FINAL | C7: OFERTA ECONÓMICA (60 PUNTOS) | D7: FACTOR DE CALIDAD - Formato 7A – Programa de gerencia de proyectos (9 PUNTOS) | E7: FACTOR DE CALIDAD - Formato 7C - Plan de calidad (10 PUNTOS) | F7: APOYO A LA INDUSTRIAL NACIONAL - Formato 9A /9B – Promoción de Servicios Nacionales o con Trato Nacional (20 PUNTOS) | G7: VINCULACIÓN DE PERSONAS CON DISCAPACIDAD - Formato 8 – Vinculación de personas con discapacidad (1 PUNTO) | H7: PUNTAJE TOTAL | I7: OBSERVACIONES
A8: 1 | B8: =VLOOKUP(A8,'LISTA DE OFERENTES'!$A$6:$B$38,2,FALSE) -> CONSORCIO ESTRUCTURAS Y OBRAS | D8: 9 | E8: 10 | F8: 20 | G8: 1 | H8: =G8+F8+E8+D8+C8 -> 40 | I8: Cumple con los documentos del factor de ponderacion, debidamente diligenciados de conformidad al pliego de condiciones.
A9: 2 | B9: =VLOOKUP(A9,'LISTA DE OFERENTES'!$A$6:$B$38,2,FALSE) -> HAPIL INGENIERIA SAS | D9: 9 | E9: 10 | F9: 20 | G9: 1 | H9: =G9+F9+E9+D9+C9 -> 40 | I9: Cumple con los documentos del factor de ponderacion, debidamente diligenciados de conformidad al pliego de condiciones.
A10: 3 | B10: =VLOOKUP(A10,'LISTA DE OFERENTES'!$A$6:$B$38,2,FALSE) -> CONSORCIO SAN FIORANO | D10: 9 | E10: 10 | F10: 20 | G10: 1 | H10: =G10+F10+E10+D10+C10 -> 40 | I10: Cumple con los documentos del factor de ponderacion, debidamente diligenciados de conformidad al pliego de condiciones.
A11: 4 | B11: =VLOOKUP(A11,'LISTA DE OFERENTES'!$A$6:$B$38,2,FALSE) -> INVERSIONES GUERFOR S.A.S | D11: 9 | E11: 10 | F11: 20 | G11: 1 | H11: =G11+F11+E11+D11+C11 -> 40 | I11: Cumple con los documentos del factor de ponderacion, debidamente diligenciados de conformidad al pliego de condiciones.
A12: 5 | B12: =VLOOKUP(A12,'LISTA DE OFERENTES'!$A$6:$B$38,2,FALSE) -> CONSORCIO PARQUES C&A | D12: 9 | E12: 10 | F12: 20 | G12: 1 | H12: =G12+F12+E12+D12+C12 -> 40 | I12: Cumple con los documentos del factor de ponderacion, debidamente diligenciados de conformidad al pliego de condiciones.
A13: 6 | B13: =VLOOKUP(A13,'LISTA DE OFERENTES'!$A$6:$B$38,2,FALSE) -> UNION TEMPORAL TUNAL 2022 | D13: 9 | E13: 10 | F13: 20 | G13: 1 | H13: =G13+F13+E13+D13+C13 -> 40 | I13: Cumple con los documentos del factor de ponderacion, debidamente diligenciados de conformidad al pliego de condiciones.
A14: 7 | B14: =VLOOKUP(A14,'LISTA DE OFERENTES'!$A$6:$B$38,2,FALSE) -> CONSORCIO TUNJUELO 2022 | D14: 9 | E14: 10 | F14: 20 | G14: 1 | H14: =G14+F14+E14+D14+C14 -> 40 | I14: Cumple con los documentos del factor de ponderacion, debidamente diligenciados de conformidad al pliego de condiciones.
A15: 8 | B15: =VLOOKUP(A15,'LISTA DE OFERENTES'!$A$6:$B$38,2,FALSE) -> CONSORCIO INGENIERÍA I | D15: 9 | E15: 10 | F15: 20 | G15: 1 | H15: =G15+F15+E15+D15+C15 -> 40 | I15: Cumple con los documentos del factor de ponderacion, debidamente diligenciados de conformidad al pliego de condiciones.
A16: 9 | B16: =VLOOKUP(A16,'LISTA DE OFERENTES'!$A$6:$B$38,2,FALSE) -> UNIÓN TEMPORAL BCC PARQUES BOGOTA 2022 | D16: 9 | E16: 10 | F16: 20 | G16: 1 | H16: =G16+F16+E16+D16+C16 -> 40 | I16: Cumple con los documentos del factor de ponderacion, debidamente diligenciados de conformidad al pliego de condiciones.
A17: 10 | B17: =VLOOKUP(A17,'LISTA DE OFERENTES'!$A$6:$B$38,2,FALSE) -> LAM CONSTRUCCIONES S.A.S | D17: 9 | E17: 10 | F17: 20 | G17: 1 | H17: =G17+F17+E17+D17+C17 -> 40 | I17: Cumple con los documentos del factor de ponderacion, debidamente diligenciados de conformidad al pliego de condiciones.
A18: 11 | B18: =VLOOKUP(A18,'LISTA DE OFERENTES'!$A$6:$B$38,2,FALSE) -> UNION TEMPORAL PARQUE TUNAL II | D18: NO HABILTADO
A19: 12 | B19: =VLOOKUP(A19,'LISTA DE OFERENTES'!$A$6:$B$38,2,FALSE) -> CONSORCIO UNAL AVL-DHE | D19: 9 | E19: 10 | F19: 20 | G19: 1 | H19: =G19+F19+E19+D19+C19 -> 40 | I19: Cumple con los documentos del factor de ponderacion, debidamente diligenciados de conformidad al pliego de condiciones.
A20: 13 | B20: =VLOOKUP(A20,'LISTA DE OFERENTES'!$A$6:$B$38,2,FALSE) -> CONSORCIO VALHER | D20: 9 | E20: 10 | F20: 20 | G20: 1 | H20: =G20+F20+E20+D20+C20 -> 40 | I20: Cumple con los documentos del factor de ponderacion, debidamente diligenciados de conformidad al pliego de condiciones.
A21: 14 | B21: =VLOOKUP(A21,'LISTA DE OFERENTES'!$A$6:$B$38,2,FALSE) -> PAVIMENTOS TECNICOS SAS | D21: 9 | E21: 10 | F21: 20 | G21: 1 | H21: =G21+F21+E21+D21+C21 -> 40 | I21: Cumple con los documentos del factor de ponderacion, debidamente diligenciados de conformidad al pliego de condiciones.
A22: 15 | B22: =VLOOKUP(A22,'LISTA DE OFERENTES'!$A$6:$B$38,2,FALSE) -> GESTION RURAL Y URBANA SAS | D22: 9 | E22: 10 | F22: 20 | G22: 1 | H22: =G22+F22+E22+D22+C22 -> 40 | I22: Cumple con los documentos del factor de ponderacion, debidamente diligenciados de conformidad al pliego de condiciones.
A23: 16 | B23: =VLOOKUP(A23,'LISTA DE OFERENTES'!$A$6:$B$38,2,FALSE) -> ESTUDIOS E INGENIERIA SAS | D23: 9 | E23: 10 | F23: 20 | G23: 1 | H23: =G23+F23+E23+D23+C23 -> 40 | I23: Cumple con los documentos del factor de ponderacion, debidamente diligenciados de conformidad al pliego de condiciones.
A24: 17 | B24: =VLOOKUP(A24,'LISTA DE OFERENTES'!$A$6:$B$38,2,FALSE) -> UNIOBRAS SAS | D24: 9 | E24: 10 | F24: 20 | G24: 1 | H24: =G24+F24+E24+D24+C24 -> 40 | I24: Cumple con los documentos del factor de ponderacion, debidamente diligenciados de conformidad al pliego de condiciones.
A25: 18 | B25: =VLOOKUP(A25,'LISTA DE OFERENTES'!$A$6:$B$38,2,FALSE) -> CONSORCIO MRTITANIUM | D25: 9 | E25: 10 | F25: 20 | G25: 1 | H25: =G25+F25+E25+D25+C25 -> 40 | I25: Cumple con los documentos del factor de ponderacion, debidamente diligenciados de conformidad al pliego de condiciones.
A26: 19 | B26: =VLOOKUP(A26,'LISTA DE OFERENTES'!$A$6:$B$38,2,FALSE) -> MAMUT ACERO Y CONCRETO SAS | D26: 9 | E26: 10 | F26: 20 | G26: 1 | H26: =G26+F26+E26+D26+C26 -> 40 | I26: Cumple con los documentos del factor de ponderacion, debidamente diligenciados de conformidad al pliego de condiciones.
A27: 20 | B27: =VLOOKUP(A27,'LISTA DE OFERENTES'!$A$6:$B$38,2,FALSE) -> PROYECTOS E INGENIERIA DE VIAS SAS-PROINVIAS SAS | D27: RECHAZADO | I27: Ver anexo juridico
A28: 21 | B28: =VLOOKUP(A28,'LISTA DE OFERENTES'!$A$6:$B$38,2,FALSE) -> CARLOS ARTURO VERGARA NEGRETE | D28: 9 | E28: 10 | F28: 20 | G28: 1 | H28: =G28+F28+E28+D28+C28 -> 40 | I28: Cumple con los documentos del factor de ponderacion, debidamente diligenciados de conformidad al pliego de condiciones.
A29: 22 | B29: =VLOOKUP(A29,'LISTA DE OFERENTES'!$A$6:$B$38,2,FALSE) -> CJS INGENIERIA SAS | D29: 9 | E29: 10 | F29: 20 | G29: 1 | H29: =G29+F29+E29+D29+C29 -> 40 | I29: Cumple con los documentos del factor de ponderacion, debidamente diligenciados de conformidad al pliego de condiciones.
A30: 23 | B30: =VLOOKUP(A30,'LISTA DE OFERENTES'!$A$6:$B$38,2,FALSE) -> CONSORCIO VECINAL GC | D30: 9 | E30: 10 | F30: 20 | G30: 1 | H30: =G30+F30+E30+D30+C30 -> 40 | I30: Cumple con los documentos del factor de ponderacion, debidamente diligenciados de conformidad al pliego de condiciones.
A31: 24 | B31: =VLOOKUP(A31,'LISTA DE OFERENTES'!$A$6:$B$38,2,FALSE) -> BYR CONSTRUCCIONES SAS | D31: 9 | E31: 10 | F31: 20 | G31: 1 | H31: =G31+F31+E31+D31+C31 -> 40 | I31: Cumple con los documentos del factor de ponderacion, debidamente diligenciados de conformidad al pliego de condiciones.
A32: 25 | B32: =VLOOKUP(A32,'LISTA DE OFERENTES'!$A$6:$B$38,2,FALSE) -> CONSORCIO PANORAMA | D32: 9 | E32: 10 | F32: 20 | G32: 1 | H32: =G32+F32+E32+D32+C32 -> 40 | I32: Cumple con los documentos del factor de ponderacion, debidamente diligenciados de conformidad al pliego de condiciones.
A33: 26 | B33: =VLOOKUP(A33,'LISTA DE OFERENTES'!$A$6:$B$38,2,FALSE) -> UNIOBRAS DEL ORIENTE SAS | D33: NO HABILTADO
A34: 27 | B34: =VLOOKUP(A34,'LISTA DE OFERENTES'!$A$6:$B$38,2,FALSE) -> CONSORCIO TUNAL CL | D34: 9 | E34: 10 | F34: 20 | G34: 1 | H34: =G34+F34+E34+D34+C34 -> 40 | I34: Cumple con los documentos del factor de ponderacion, debidamente diligenciados de conformidad al pliego de condiciones.
A35: 28 | B35: =VLOOKUP(A35,'LISTA DE OFERENTES'!$A$6:$B$38,2,FALSE) -> MAURICIO RAFAEL PABA PINZON | D35: NO HABILTADO
A36: 29 | B36: =VLOOKUP(A36,'LISTA DE OFERENTES'!$A$6:$B$38,2,FALSE) -> CONSORCIO CDJ 05 | D36: 9 | E36: 10 | F36: 20 | G36: 1 | H36: =C36+D36+E36+F36+G36 -> 40 | I36: Cumple con los documentos del factor de ponderacion, debidamente diligenciados de conformidad al pliego de condiciones.
A37: 30 | B37: =VLOOKUP(A37,'LISTA DE OFERENTES'!$A$6:$B$38,2,FALSE) -> CONSORCIO PARQUES INLF | D37: 9 | E37: 10 | F37: 20 | G37: 1 | H37: =G37+F37+E37+D37+C37 -> 40 | I37: Cumple con los documentos del factor de ponderacion, debidamente diligenciados de conformidad al pliego de condiciones.
A38: 31 | B38: =VLOOKUP(A38,'LISTA DE OFERENTES'!$A$6:$B$38,2,FALSE) -> CONSORCIO CONSTRUC. PARQUE TUNAL II | D38: 9 | E38: 10 | F38: 20 | G38: 1 | H38: 40 | I38: Cumple con los documentos del factor de ponderacion, debidamente diligenciados de conformidad al pliego de condiciones.
A39: 32 | B39: =VLOOKUP(A39,'LISTA DE OFERENTES'!$A$6:$B$38,2,FALSE) -> CONSORCIO TUNALITO | D39: 9 | E39: 10 | F39: 20 | G39: 1 | H39: 40 | I39: Cumple con los documentos del factor de ponderacion, debidamente diligenciados de conformidad al pliego de condiciones.
A40: 33 | B40: =VLOOKUP(A40,'LISTA DE OFERENTES'!$A$6:$B$43,2,FALSE) -> CONSORCIO EL TUNAL V4G | D40: 9 | E40: 10 | F40: 20 | G40: 1 | H40: 40 | I40: Cumple con los documentos del factor de ponderacion, debidamente diligenciados de conformidad al pliego de condiciones.
A41: 34 | B41: =VLOOKUP(A41,'LISTA DE OFERENTES'!$A$6:$B$43,2,FALSE) -> PANAM INGENIEROS SAS | D41: 9 | E41: 10 | F41: 20 | G41: 1 | H41: 40 | I41: Cumple con los documentos del factor de ponderacion, debidamente diligenciados de conformidad al pliego de condiciones.
A42: 35 | B42: =VLOOKUP(A42,'LISTA DE OFERENTES'!$A$6:$B$43,2,FALSE) -> CONSORCIO TUNJUELITO VHJ | D42: 9 | E42: 10 | F42: 20 | G42: 1 | H42: 40 | I42: Cumple con los documentos del factor de ponderacion, debidamente diligenciados de conformidad al pliego de condiciones.
A43: 36 | B43: =VLOOKUP(A43,'LISTA DE OFERENTES'!$A$6:$B$43,2,FALSE) -> CONSORCIO PARQUE VECINAL 2022 | D43: 9 | E43: 10 | F43: 20 | G43: 1 | H43: 40 | I43: Cumple con los documentos del factor de ponderacion, debidamente diligenciados de conformidad al pliego de condiciones.
A44: 37 | B44: =VLOOKUP(A44,'LISTA DE OFERENTES'!$A$6:$B$43,2,FALSE) -> CONSORCIO PARQUE CAIS2022 | D44: RECHAZADO | I44: Ver anexo juridico
A45: 38 | B45: =VLOOKUP(A45,'LISTA DE OFERENTES'!$A$6:$B$43,2,FALSE) -> PHVA CONSTRUCTORES SAS | D45: 9 | E45: 10 | F45: 20 | G45: 1 | H45: 40 | I45: Cumple con los documentos del factor de ponderacion, debidamente diligenciados de conformidad al pliego de condiciones.

Sheet RESUMEN EVALUACIÓN PRELIMINAR
A1: FONDO DE DESARROLLO LOCAL DE TUNJUELITO
A2: FDLT-LP-004-2022
A3: CONTRATAR A PRECIOS UNITARIOS FIJOS LAS OBRAS NECESARIAS PARA LA CONSTRUCCIÓN DEL PARQUE VECINAL0 IDENTIFICADO CON0 CÓDIGO IDRD 06-061 DENOMINADO URBANIZACIÓN EL TUNAL II, UBICADO EN LA DIAGONAL 44 SUR No. 23B-01, DE LA LOCALIDAD DE TUNJUELITO EN LA CIUDAD DE BOGOTÁ D.C.
B5: Nombre de Oferente : | C5: INDICES FINANCIEROS | D5: CAPACIDAD JURIDICA | E5: EXPERIENCIA TÉCNICA | F5: CAPACIDAD RESIDUAL | G5: INFORME FINAL | H5: OBSERVACIONES | I5: SUBSANACION
A6: 1 | B6: =VLOOKUP(A6,'LISTA DE OFERENTES'!$A$6:$B$38,2,FALSE) -> CONSORCIO ESTRUCTURAS Y OBRAS | C6: HABILITADO | D6: NO HABILITADO | E6: HABILITADO | F6: NO HABILITADO | H6: La certificación No. 1 cumple con experiencia general, aporta más del 70% del área del proceso para validar la experiencia especifica y además cumple con la experiencia secundaria, sin embargo en el contrato no se evidencia mobiliario. La certificación No. 2 cumple con la experiencia general tomando exclusivamente la intervención realizada en el parque, así como su area y presupuesto. Se instalaron mobiliarios para dicho parque, por lo tanto el proponente queda HABILITADO. PARA EL K RESIDUAL, EL PROPONENTE ANEXA EL FORMATO 5.2 EN SMMLV, LO CUAL SE DEBE INGRESAR EN TOTAL COP. NO ES POSIBLE CALCULAR LA CAPACIDAD RESIDUAL DEBIDO A ESTO. SUBSANAR
A7: 2 | B7: =VLOOKUP(A7,'LISTA DE OFERENTES'!$A$6:$B$38,2,FALSE) -> HAPIL INGENIERIA SAS | C7: HABILITADO | D7: HABILITADO | E7: HABILITADO | F7: HABILITADO
A8: 3 | B8: =VLOOKUP(A8,'LISTA DE OFERENTES'!$A$6:$B$38,2,FALSE) -> CONSORCIO SAN FIORANO | C8: HABILITADO | D8: HABILITADO | E8: HABILITADO | F8: HABILITADO | H8: El proponente cumplio con los requisitos técnicos solicitados en el pliego de condiciones
A9: 4 | B9: =VLOOKUP(A9,'LISTA DE OFERENTES'!$A$6:$B$38,2,FALSE) -> INVERSIONES GUERFOR S.A.S | C9: HABILITADO | D9: HABILITADO | E9: NO HABILITADO | F9: NO HABILITADO | H9: NO HABILITADO. Las certificaciones aportadas en los 4 contratos no permiten establecer las actividades ejecutadas para determinar si cumplen experiencia especifica y experiencia secundaria. REQUERIMIENTO SUBSANACIÓN: se debe aportar acta de liquidación o terminación de contrato que permitan observar todas las actividades ejecutadas, teniendo en cuenta que también se debe determinar el área. Se puede adjuntar cualquier documento valido según numeral 3.5.5 del pliego de condiciones, donde se pueda validar lo requerido. Para la certificación No. 4 se establece que es un contrato entre terceros, por lo tanto se debe adjuntar los documentos faltantes según numeral 3.5.5 literal H. PARA EL K RESIDUAL, LOS FORMATOS 51; 5.2 Y 5.3 FUERON CORTADOS Y NO SE PRESENTA EN DEBIDA FORMA TODA LA INFORMACIÓN, ADEMÁS SE CORTÓ EL NUMERO DEL PROCESO AL CUAL ESTÁ PRESENTANDOSE. SE ANEXA CARTA APROBATORIA DE ESTADOS FINANCIEROS, SIN EMBARGO EL PROPONENTE ES NO HABILITADO POR VALORES OBTENIDOS EN CALCULO DEL K RESIDUAL. por lo anterior, debe subsanar.
A10: 5 | B10: =VLOOKUP(A10,'LISTA DE OFERENTES'!$A$6:$B$38,2,FALSE) -> CONSORCIO PARQUES C&A | C10: HABILITADO | D10: HABILITADO | E10: HABILITADO | F10: HABILITADO | H10: El proponente cumplio con los requisitos técnicos solicitados en el pliego de condiciones
A11: 6 | B11: =VLOOKUP(A11,'LISTA DE OFERENTES'!$A$6:$B$38,2,FALSE) -> UNION TEMPORAL TUNAL 2022 | C11: HABILITADO | D11: NO HABILITADO | E11: HABILITADO | F11: HABILITADO | H11: El proponente cumplio con los requisitos técnicos solicitados en el pliego de condiciones
A12: 7 | B12: =VLOOKUP(A12,'LISTA DE OFERENTES'!$A$6:$B$38,2,FALSE) -> CONSORCIO TUNJUELO 2022 | C12: HABILITADO | D12: HABILITADO | E12: HABILITADO | F12: HABILITADO | H12: El proponente cumplio con los requisitos técnicos solicitados en el pliego de condiciones
A13: 8 | B13: =VLOOKUP(A13,'LISTA DE OFERENTES'!$A$6:$B$38,2,FALSE) -> CONSORCIO INGENIERÍA I | C13: HABILITADO | D13: HABILITADO | E13: NO HABILITADO | F13: HABILITADO | H13: No presenta ningún documento de experiencia. Ni formato No. 3 ni certificados o soportes. Por lo anterior, presentando la totalidad de los documentos exigidos, debe subsanar en debida forma.
A14: 9 | B14: =VLOOKUP(A14,'LISTA DE OFERENTES'!$A$6:$B$38,2,FALSE) -> UNIÓN TEMPORAL BCC PARQUES BOGOTA 2022 | C14: HABILITADO | D14: HABILITADO | E14: HABILITADO | F14: HABILITADO | H14: El proponente cumplio con los requisitos técnicos solicitados en el pliego de condiciones
A15: 10 | B15: =VLOOKUP(A15,'LISTA DE OFERENTES'!$A$6:$B$38,2,FALSE) -> LAM CONSTRUCCIONES S.A.S | C15: HABILITADO | D15: HABILITADO | E15: HABILITADO | F15: HABILITADO | H15: La primera certificación no cumple con actividad principal general debido a que no se contempla instalación de mobiliario en temas relacionados con parques /espacio publico (se presentan losetas y otros elementos de instalación tipo prefabricado). Por lo tanto no cumple experiencia general principal, sin embargo cumple con la experiencia secundaria. La segunda certificación cumple con todos los requisitos, incluyen lo que menciona en el literal H, numeral 3.5.5. para certificación entre terceros. Debido a esto, solo es suficiente una certificación para quedar habilitado tecnicamente.
A16: 11 | B16: =VLOOKUP(A16,'LISTA DE OFERENTES'!$A$6:$B$38,2,FALSE) -> UNION TEMPORAL PARQUE TUNAL II | C16: HABILITADO | D16: HABILITADO | E16: HABILITADO | F16: NO HABILITADO | H16: Cumple con la experiencia. Ninguno de los intregantes de la UT, presentan los documentos requeridos para acreditar la capacidad de organizacion (CO) , para el calculo del K Residual, por lo cual se solicita subsanar en debida forma.
A17: 12 | B17: =VLOOKUP(A17,'LISTA DE OFERENTES'!$A$6:$B$38,2,FALSE) -> CONSORCIO UNAL AVL-DHE | C17: HABILITADO | D17: NO HABILITADO | E17: HABILITADO | F17: HABILITADO | H17: El integrante AV&L INGENIERIA SAS del proponente Consorcio UNAL AVL-DHE aporta un solo contrato que cumple con todas las exigencias del pliego y tiene una participacion del 95% y habilita al proponente
A18: 13 | B18: =VLOOKUP(A18,'LISTA DE OFERENTES'!$A$6:$B$38,2,FALSE) -> CONSORCIO VALHER | C18: HABILITADO | D18: HABILITADO | E18: HABILITADO | F18: HABILITADO | H18: El proponente cumplio con los requisitos técnicos solicitados en el pliego de condiciones
A19: 14 | B19: =VLOOKUP(A19,'LISTA DE OFERENTES'!$A$6:$B$38,2,FALSE) -> PAVIMENTOS TECNICOS SAS | C19: HABILITADO | D19: HABILITADO | E19: HABILITADO | F19: HABILITADO | H19: El proponente cumplio con los requisitos técnicos solicitados en el pliego de condiciones
... A31: 26 | B31: =VLOOKUP(A31,'LISTA DE OFERENTES'!$A$6:$B$38,2,FALSE) -> UNIOBRAS DEL ORIENTE SAS | C31: HABILITADO | D31: NO HABILITADO | E31: NO HABILITADO | F31: HABITADO | H31: El proponente NO CUMPLE con los requisitos técnicos solicitados en el pliego de condiciones, en relacion a la experiencia especifica en el contrato No. 1, y la experiencia general y especifica en el contrato No. 2 . Por lo anterior, debera subsanar en debida forma. Cumplio con los soportes y el calculo del Kresidual.
A32: 27 | B32: =VLOOKUP(A32,'LISTA DE OFERENTES'!$A$6:$B$38,2,FALSE) -> CONSORCIO TUNAL CL | C32: HABILITADO | D32: NO HABILITADO | E32: NO HABILITADO | F32: NO HABILITADO | H32: CUMPLE CON LA EXPERIENCIA DE CONFORMIDAD A LA INFORMACION DE LA INTEGRACION DEL CONSORCIO VERIFICADA EN EL SECOP II, SIN EMBARGO, NO PRESENTA DOCUMENTO DE CONFORMACION CONSORCIAL, POR LO ANTERIOR, DEBE ADJUNTAR DICHO DOCUMENTO. NO SE REALIZO EL K RESIDUAL POR CUANTO EL PROPONENTE NO ADJUNTO EL DOCUMENTO DE CONFORMACION CONSORCIAL. | I32: EL PROPONENTE DE CONFORMIDAD A LA OBSERVACION MEDIANTE OFICIO No. CP‐SAS‐098‐2022 ANEXA DOCUMENTO CONSORCIAL DONDE SE PUEDE VERIFICAR LA RESPECTIVA PARTICIPACION DE LOS INTEGRANTES DEL MISMO. IGUALMENTE , CON EL RESPECTIVO SOPORTE DE LA SUBASANACION SE CALIFICO EL K RESIDUAL EL CUAL QUEDO HABILITADO.
A33: 28 | B33: =VLOOKUP(A33,'LISTA DE OFERENTES'!$A$6:$B$38,2,FALSE) -> MAURICIO RAFAEL PABA PINZON | C33: HABILITADO | D33: HABILITADO | E33: HABILITADO | F33: NO HABILITADO | H33: El proponente cumplio con los requisitos técnicos solicitados en el pliego de condiciones LA CAPACIDAD RESIDUAL DEL PROPONENTE NO ES MAYOR O IGUAL A LA CAPACIDAD RESIDUAL DEL PROCESO DE CONTRATACION.
A34: 29 | B34: =VLOOKUP(A34,'LISTA DE OFERENTES'!$A$6:$B$38,2,FALSE) -> CONSORCIO CDJ 05 | C34: HABILITADO | D34: HABILITADO | E34: NO HABILITADO | F34: NO HABILITADO | H34: Para el contrato relacionado, el mismo no cumple para la actividad principal de experiencia general, por cuanto lo señalado en el contrato corresponde a intervencion en la malla vial, diferente a lo solicitado en los pliegos de condiciones LA CAPACIDAD RESIDUAL DEL PROPONENTE NO ES MAYOR O IGUAL A LA CAPACIDAD RESIDUAL DEL PROCESO DE CONTRATACION. EL INTEGRANTE DEL CONSORCIO WILLIAMS.CO EN EL DOCUMENTO DE ESTADO DE RESULTADOS NO APORTA LOS RESPECTIVOS SOPORTES DE ACUERDO AL NUMERAL 3.10.2 DEL PLIEGO DE CONDICIONES."
A35: 30 | B35: =+'LISTA DE OFERENTES'!B35 -> CONSORCIO PARQUES INLF | C35: HABILITADO | D35: NO HABILITADO | E35: NO HABILITADO | F35: HABILITADO | H35: El contrato No. 1, no cumple con lo requerido en el pliego de condiciones con relacion a: CONSTRUCCIÓN Y/O RECONSTRUCCIÓN DE PARQUES Ó ||. CONSTRUCCIÓN Y/O RECONSTRUCCIÓN DE ESPACIO PUBLICO Asi mismo, los documentos presentados no se puede descrimir las actividades reales para calcular la actividad principal y la experiencia especifica en zonas verdes, urbanismo y/o paisajismo. Para el contrato No. 2 relacionado y toda vez que la contratacion es entre particulares se hace necesario anexar los documentos exigidos en el pliego de condiciones en el numeral 3.5.5 "Para efectos de acreditación de experiencia entre particulares, el Proponente deberá aportar,además, la certificación de facturación expedida con posterioridad a la fecha de terminación del Contrato emitida por el revisor fiscal o contador público del Proponente que acredita la experiencia, según corresponda, con la copia de la tarjeta profesional y certificado de antecedente disciplinarios vigente, de la Junta Central de Contadores, o los documentos equivalentes que hagan sus veces en el país donde se expide el documento del profesional."
A36: 31 | B36: =VLOOKUP(A36,'LISTA DE OFERENTES'!$A$6:$B$38,2,FALSE) -> CONSORCIO CONSTRUC. PARQUE TUNAL II | C36: HABILITADO | D36: HABILITADO | E36: HABILITADO | F36: NO HABILITADO | H36: SUPERA EL LIMITE DE LOS CONTRATOS EN EJECUCION, POR LO TANTO NO CUMPLE CON LA CAPACIDAD RESIDUAL PARA LLEVAR A CABO DICHO CONTRATO.
A37: 32 | B37: =VLOOKUP(A37,'LISTA DE OFERENTES'!$A$6:$B$38,2,FALSE) -> CONSORCIO TUNALITO | C37: HABILITADO | D37: HABILITADO | E37: HABILITADO | F37: NO HABILITADO | H37: SUPERA EL LIMITE DE LOS CONTRATOS EN EJECUCION, POR LO TANTO NO CUMPLE CON LA CAPACIDAD RESIDUAL PARA LLEVAR A CABO DICHO CONTRATO.
A38: 33 | B38: =VLOOKUP(A38,'LISTA DE OFERENTES'!$A$6:$B$38,2,FALSE) -> CONSORCIO EL TUNAL V4G | C38: HABILITADO | D38: NO HABILITADO | E38: HABILITADO | F38: HABILITADO
A39: 34 | B39: =VLOOKUP(A39,'LISTA DE OFERENTES'!$A$6:$B$43,2,FALSE) -> PANAM INGENIEROS SAS | C39: HABILITADO | D39: NO HABILITADO | E39: HABILITADO | F39: HABILITADO
A40: 35 | B40: =VLOOKUP(A40,'LISTA DE OFERENTES'!$A$6:$B$43,2,FALSE) -> CONSORCIO TUNJUELITO VHJ | C40: HABILITADO | D40: NO HABILITADO | E40: HABILITADO | F40: HABILITADO
A41: 36 | B41: =VLOOKUP(A41,'LISTA DE OFERENTES'!$A$6:$B$43,2,FALSE) -> CONSORCIO PARQUE VECINAL 2022 | C41: HABILITADO | D41: NO HABILITADO | E41: HABILITADO | F41: NO HABILITADO | H41: SUPERA EL LIMITE DE LOS CONTRATOS EN EJECUCION, POR LO TANTO NO CUMPLE CON LA CAPACIDAD RESIDUAL PARA LLEVAR A CABO DICHO CONTRATO.
A42: 37 | B42: =VLOOKUP(A42,'LISTA DE OFERENTES'!$A$6:$B$43,2,FALSE) -> CONSORCIO PARQUE CAIS2022 | C42: HABILITADO | D42: NO HABILITADO | E42: NO HABILITADO | F42: HABILITADO | H42: SUBSANAR AREAS.NO PRESENTA LA CERTIFICACION QUE COMPRUEBE QUE HA TENIDO OBRAS ENE LAS QUES E DENOTEN LAS AREAS DE CONSTRUCCION; SOLO DOS DE LOS COMPONENTES DEL CONSORCIO PRESENTAN LOS CERTIFICADOS DE AREA Y EL TERCER PROPONENTE NO ENTREGA CERTIFICADO, INCOSS INGENIERIA SAS CONTRATO DISENO, CONSTRUCCION, REHABILITACION, AMPLIACION Y MANTENIMIENTO DE LA MALLA VIAL DEL DISTRITO TURISTICO, CULTURAL E HISTORICO DE SANTA MARTA;UNION TEMPORAL CONCESION SANTA MARTA 2000.
A43: 38 | B43: =VLOOKUP(A43,'LISTA DE OFERENTES'!$A$6:$B$43,2,FALSE) -> PHVA CONSTRUCTORES SAS | C43: HABILITADO | D43: HABILITADO | E43: HABILITADO | F43: NO HABILITADO | H43: SUPERA EL LIMITE DE LOS CONTRATOS EN EJECUCION, POR LO TANTO NO CUMPLE CON LA CAPACIDAD RESIDUAL PARA LLEVAR A CABO DICHO CONTRATO.

Sheet PRO09
F1: CARLOS ARANGO | M1: CONSTRULINEA INGENIERIA SAS
F2: VAL UNIT | G2: AIU | H2: 0.3 | I2: U 5% | J2: TOTAL | M2: VAL UNIT | N2: AIU | O2: 0.33 | P2: U 5% | Q2: TOTAL
F3: 7358987.5 | G3: =+F3*$H$2 -> 2207696.2 | I3: =+F3*5%*19% -> 69910.381 | J3: =+I3+G3+F3 -> 9636594.1 | M3: 438674800 | N3: =+M3*$O$2 -> 144762684 | P3: =+M3*5%*19% -> 4167410.6 | Q3: =+P3+N3+M3 -> 5.8760489e+08
F4: 96748531 | G4: =+F4*$H$2 -> 29024559 | I4: =+F4*5%*19% -> 919111.04 | J4: =+I4+G4+F4 -> 1.266922e+08 | M4: 842061 | N4: =+M4*$O$2 -> 277880.13 | P4: =+M4*5%*19% -> 7999.5795 | Q4: =+P4+N4+M4 -> 1127940.7
F5: 7623233.5 | G5: =+F5*$H$2 -> 2286970.1 | I5: =+F5*5%*19% -> 72420.719 | J5: =+I5+G5+F5 -> 9982624.3
F6: 55157582 | G6: =+F6*$H$2 -> 16547275 | I6: =+F6*5%*19% -> 523997.03 | J6: =+I6+G6+F6 -> 72228854
F7: 22141090 | G7: =+F7*$H$2 -> 6642326.9 | I7: =+F7*5%*19% -> 210340.35 | J7: =+I7+G7+F7 -> 28993757
F8: 2969041.7 | G8: =+F8*$H$2 -> 890712.51 | I8: =+F8*5%*19% -> 28205.896 | J8: =+I8+G8+F8 -> 3887960.1
F9: 2592366.6 | G9: =+F9*$H$2 -> 777709.97 | I9: =+F9*5%*19% -> 24627.482 | J9: =+I9+G9+F9 -> 3394704
F10: 6202380.8 | G10: =+F10*$H$2 -> 1860714.2 | I10: =+F10*5%*19% -> 58922.618 | J10: =+I10+G10+F10 -> 8122017.7
F11: 3387069.3 | G11: =+F11*$H$2 -> 1016120.8 | I11: =+F11*5%*19% -> 32177.158 | J11: =+I11+G11+F11 -> 4435367.2
F12: 38875770 | G12: =+F12*$H$2 -> 11662731 | I12: =+F12*5%*19% -> 369319.81 | J12: =+I12+G12+F12 -> 50907821
F13: 3575230.2 | G13: =+F13*$H$2 -> 1072569.1 | I13: =+F13*5%*19% -> 33964.687 | J13: =+I13+G13+F13 -> 4681763.9
F14: 6522533.9 | G14: =+F14*$H$2 -> 1956760.2 | I14: =+F14*5%*19% -> 61964.072 | J14: =+I14+G14+F14 -> 8541258.1
F15: 10454244 | G15: =+F15*$H$2 -> 3136273.3 | I15: =+F15*5%*19% -> 99315.32 | J15: =+I15+G15+F15 -> 13689833
F16: 6275970 | G16: =+F16*$H$2 -> 1882791 | I16: =+F16*5%*19% -> 59621.715 | J16: =+I16+G16+F16 -> 8218382.7
... F19: 538242 | G19: =+F19*$H$2 -> 161472.6 | I19: =+F19*5%*19% -> 5113.299 | J19: =+I19+G19+F19 -> 704827.9
I20: SUBTOTAL | J20: =SUM(J3:J19) -> 4.3854006e+08 | P20: SUBTOTAL | Q20: =SUM(Q3:Q19) -> 5.8873284e+08
I21: VALOR REPORTADO | J21: 5800000000 | P21: VALOR REPORTADO | Q21: 2990750566
I22: TOTAL REAL | J22: =+J21-J20 -> 5.3614599e+09 | P22: TOTAL REAL | Q22: =+Q21-Q20 -> 2.4020177e+09

Sheet P2
G1: 0.376 | H1: 0.05
D2: FRENTE | E2: LUGAR | F2: COSTO | G2: AIU | H2: IVA UTILIDAD | I2: TOTAL | J2: AREA
D3: F 4 | E3: PARQUE RONDA RÍO NORTE - ENTRE CRA. 7 y CRA. 5 | F3: =+SUM(F4:F68) -> 1.4150382e+09 | G3: =+F3*$G$1 -> 5.3205436e+08 | H3: =$H$1*0.19*F3 -> 13442863 | I3: =+H3+G3+F3 -> 1.9605354e+09 | J3: 7917.88
F4: 17482679
F5: 2641718.9
F6: 30409873
F7: 11043519
F8: 34870344
F9: 52103522
F10: 32958669
F11: 11172720
F12: 5053386.7
F13: 34432154
F14: 6627621.2
F15: 975068
... F68: 21647210
D69: F 4-2 | E69: PARQUE RONDA RÍO NORTE - ENTRE CRA. 7 y CRA. 5 | F69: =+SUM(F70:F115) -> 1.071957e+09 | G69: =+F69*$G$1 -> 4.0305585e+08 | H69: =$H$1*0.19*F69 -> 10183592 | I69: =+H69+G69+F69 -> 1.4851965e+09 | J69: 6348.85
F70: 14018261
F71: 1438525.3
F72: 23532726
F73: 960306
F74: 23414703
F75: 151250652
F76: 4866923.1
F77: 8442480.8
F78: 11472641
F79: 5956003.7
F80: 19472766
F81: 1.0630511e+08
... F115: 8955315
D116: F5 | E116: PARQUE RONDA RÍO SUR - ENTRE CRA. 5 y CRA. 1I | F116: =+SUM(F117:F180) -> 8.2812064e+08 | G116: =+F116*$G$1 -> 3.1137336e+08 | H116: =$H$1*0.19*F116 -> 7867146 | I116: =+H116+G116+F116 -> 1.1473611e+09 | J116: 5034.49
F117: 11116154
F118: 829079.9
F119: 14672188
F120: 22171894
F121: 33129308
F122: 515300.48
F123: 1888194.4
F124: 12725553
F125: 6980029.7
F126: 14709940
F127: 15525386
F128: 3944398.3
... F180: 7164252
E181: TOTALES | I181: =+I116+I69+I3 -> 4.593093e+09 | J181: =+J116+J69+J3 -> 19301.22

Sheet EVALUACION TÉC FINAL
A1: FONDO DE DESARROLLO LOCAL DE TUNJUELITO
A2: FDLT-LP-004-2022
A3: REQUISITOS HABILITANTES TÉCNICOS | S3: CUMPLE
S4: NO CUMPLE
A8: 1 | E8: =VLOOKUP(A8,'LISTA DE OFERENTES'!$A$6:$B$38,2,FALSE) -> CONSORCIO ESTRUCTURAS Y OBRAS
A9: NÚMERO DE CONTRATOS PRESENTADOS | B9: 2 | C9: PRESUPUESTO OFICIAL EN SMMLV | D9: =+$E$508 -> 1649.6084
A10: VALOR MÍNIMO A CERTIFICAR | C10: =IF(B9<3,0.75,IF(B9<5,1.2,1.5)) -> 0.75 | D10: =+D9*C10 -> 1237.2063
A11: TERMINO DE EJECUCION EXIGIDO | C11: 44771
A12: TOTAL SALARIOS MINIMOS ACREDITADOS | C12: =+IF(I19>D10,"CUMPLE","NO CUMPLE") -> CUMPLE
A13: CONDICIONES DE EXPERIENCIA | J13: CONDICION N°. 1 (VER TABLA AL FINAL DE LA HOJA) | K13: CONDICION N°. 2 (VER TABLA AL FINAL DE LA HOJA) | L13: CONDICION N°. 4 (VER TABLA AL FINAL DE LA HOJA) | N13: ACTIVIDAD PRINCIPAL EXPERIENCIA GENERAL (PARQUES/ESPACIO PUBLICO) | O13: ACTIVIDAD PRINCIPAL EXPERIENCIA ESPECÍFICA=AREA MAYOR A 70% DEL AREA= 2671,2 m2 MAX 2 CONTRATOS. | Q13: ACTIVIDAD SECUNDARIA EXPERIENCIA ESPECÍFICA: ZONAS VERDES Y/O URBANISMO Y/O PAISAJISMO Y/O PARQUES Y/O ESPACIO PUBLICO | R13: Observación y respuesta a observaciones
A14: Objeto del Contrato | B14: Entidad Contratante | D14: Valor Contrato | E14: Año de ejecución aportado | F14: Area intervenida(m2) | G14: Valor del Contrato en SMMLV | H14: Participación UT/CONSORCIO | I14: Participación en SMMLV | J14: Fecha de terminación del contrato aportado | K14: CODIGO UNSPSC SEGMENTOS (72101500 -72141300-72153100-49221500) | L14: PROPONENTE QUE APOTARTA EL 50% SMMLV(824.80) | M14: Valor aportado
A15: ESTRUCTURAS DE HORMIGON LTDA ; OBRAS LTDA | L15: =+A15 -> ESTRUCTURAS DE HORMIGON LTDA ; OBRAS LTDA | O15: Area validada
A16: REALIZAR POR EL SISTEMA DE PRECIOS UNITARIOS FIJOS SIN FORMULA DE AJUSTE LA CONSTRUCCIÓN DE LAS OBRAS DE LA CUARTA ETAPA DEL PARQUE ZONAL FONTANAR DEL RIO EN BOGOTÁ D.C. | B16: IDRD | D16: 636550279 | E16: 2013 | F16: 5106.11 | G16: =D16/(VLOOKUP(E16,$D$535:$E$566,2,FALSE)) -> 1079.8139 | H16: 0.9 | I16: =H16*G16 -> 971.83249 | J16: 41450 | K16: 72153100 | M16: =I16 -> 971.83249 | N16: CUMPLE | O16: =+CONCATENATE(FIXED(F16*H16,2)," ","m2") -> 4.595,50 m2 | P16: CUMPLE | Q16: CUMPLE | R16: La certificación presentada cumple con los requerimientos del pliego de condiciones, sin embargo no se evidenció instalación de mobiliario.
A17: =+'LISTA DE OFERENTES'!G6 -> ESTRUCTURAS DE CONCRETO S.A.
A18: CONSTRUCION DE AULAS PARA EL JARDIN INFANTIL, LABORATORIO DE CIENCIAS INTEGRADAS, PRQUE INFANTIL, CANCHA MULTIPLE Y SISTEMA DE CALEFACCION SOLAR | B18: PROVINCIA NUESTRA SEÑORA DE GRACIAS DE COLOMBIA | D18: 3.0768383e+08 | E18: 2019 | F18: 597.36 | G18: =D18/(VLOOKUP(E18,$D$535:$E$566,2,FALSE)) -> 371.54678 | H18: 1 | I18: =H18*G18 -> 371.54678 | J18: 43539 | K18: 72101500 -72141300-72153100-49221500 | M18: =I18 -> 371.54678 | N18: CUMPLE | O18: =+CONCATENATE(FIXED(F18*H18,2)," ","m2") -> 597,36 m2 | Q18: CUMPLE | R18: La certificacion presentada cumple con la experiencia general y además CONTIENE MOBILIARIO. Solamente se tuvo en cuenta el presupuesto del parque realizado. Cumple con experiencia secundaria. La experiencia especifica se cumple con el anterior cotrato, por lo tanto no es necesaria validarla para esta certificación.
A19: TOTALES | I19: =SUM(I16:I18) -> 1343.3793 | J19: EXPERIENCIA DEL PROPONENTE | R19: CUMPLE
A21: =A8+1 -> 2 | E21: =VLOOKUP(A21,'LISTA DE OFERENTES'!$A$6:$B$38,2,FALSE) -> HAPIL INGENIERIA SAS
A22: NÚMERO DE CONTRATOS PRESENTADOS | C22: PRESUPUESTO OFICIAL EN SMMLV | D22: =+$E$508 -> 1649.6084
A23: VALOR MÍNIMO A CERTIFICAR | C23: =IF(B22<3,0.75,IF(B22<5,1.2,1.5)) -> 0.75 | D23: =+D22*C23 -> 1237.2063
A24: TERMINO DE EJECUCION EXIGIDO | C24: 44771
A25: TOTAL SALARIOS MINIMOS ACREDITADOS | C25: =+IF(I30>D23,"CUMPLE","NO CUMPLE") -> CUMPLE
A26: CONDICIONES DE EXPERIENCIA | J26: CONDICION N°. 1 (VER TABLA AL FINAL DE LA HOJA) | K26: CONDICION N°. 2 (VER TABLA AL FINAL DE LA HOJA) | L26: CONDICION N°. 4 (VER TABLA AL FINAL DE LA HOJA) | N26: ACTIVIDAD PRINCIPAL EXPERIENCIA GENERAL (PARQUES/ESPACIO PUBLICO) | O26: ACTIVIDAD PRINCIPAL EXPERIENCIA ESPECÍFICA=AREA MAYOR A 70% DEL AREA= 2671,2 m2 MAX 2 CONTRATOS. | Q26: ACTIVIDAD SECUNDARIA EXPERIENCIA ESPECÍFICA: ZONAS VERDES Y/O URBANISMO Y/O PAISAJISMO Y/O PARQUES Y/O ESPACIO PUBLICO | R26: Observación y respuesta a observaciones
A27: Objeto del Contrato | B27: Entidad Contratante | D27: Valor Contrato | E27: Año de ejecución aportado | F27: Area intervenida(m2) | G27: Valor del Contrato en SMMLV | H27: Participación UT/CONSORCIO | I27: Participación en SMMLV | J27: Fecha de terminación del contrato aportado | K27: CODIGO UNSPSC SEGMENTOS (72101500 -72141300-72153100-49221500) | L27: PROPONENTE QUE APOTARTA EL 50% SMMLV(824.80) | M27: Valor aportado
A28: =VLOOKUP(A21,'LISTA DE OFERENTES'!$A$6:$R$38,2,FALSE) -> HAPIL INGENIERIA SAS | L28: =+A28 -> HAPIL INGENIERIA SAS | O28: Area validada
A29: CONTRATAR LA EJECUCIÓN DE ESTUDIOS, DISEÑOS, Y CONSTRUCCIÓN DE LAS OBRAS PRIORIZADAS, INCLUIDO EL ACOMPAÑAMIENTO SOCIAL NECESARIO DEL PROYECTO MEJORAMIENTO INTEGRAL DE LOS BARRIOS, DE LAS COMUNAS 2 Y 3, DE LA CIUDAD DE NEIVA, DEPARTAMENTO DE HUILA | B29: FIDUCIARIA LA PREVISORA SA | D29: 4.593093e+09 | E29: 2021 | F29: 19301.22 | G29: =D29/(VLOOKUP(E29,$D$535:$E$566,2,FALSE)) -> 5055.5439 | H29: 0.3334 | I29: =H29*G29 -> 1685.5183 | J29: 44531 | K29: 721531 | M29: =I29 -> 1685.5183 | N29: CUMPLE | O29: =+CONCATENATE(FIXED(F29*H29,2)," ","m2") -> 6.435,03 m2 | P29: CUMPLE | Q29: CUMPLE | R29: La certificación presentada cumple con los requerimientos del pliego de condiciones, sin embargo no se evidenció instalación de mobiliario.
A30: TOTALES | I30: =SUM(I29:I29) -> 1685.5183 | J30: EXPERIENCIA DEL PROPONENTE | R30: CUMPLE
A32: =A21+1 -> 3 | E32: =VLOOKUP(A32,'LISTA DE OFERENTES'!$A$6:$B$38,2,FALSE) -> CONSORCIO SAN FIORANO
A33: NÚMERO DE CONTRATOS PRESENTADOS | B33: 2 | C33: PRESUPUESTO OFICIAL EN SMMLV | D33: =+$E$508 -> 1649.6084
A34: VALOR MÍNIMO A CERTIFICAR | C34: =IF(B33<3,0.75,IF(B33<5,1.2,1.5)) -> 0.75 | D34: =+D33*C34 -> 1237.2063
A35: TERMINO DE EJECUCION EXIGIDO | C35: 44771
A36: TOTAL SALARIOS MINIMOS ACREDITADOS | C36: =+IF(I43>D34,"CUMPLE","NO CUMPLE") -> CUMPLE
A37: CONDICIONES DE EXPERIENCIA | J37: CONDICION N°. 1 (VER TABLA AL FINAL DE LA HOJA) | K37: CONDICION N°. 2 (VER TABLA AL FINAL DE LA HOJA) | L37: CONDICION N°. 4 (VER TABLA AL FINAL DE LA HOJA) | N37: ACTIVIDAD PRINCIPAL EXPERIENCIA GENERAL (PARQUES/ESPACIO PUBLICO) | O37: ACTIVIDAD PRINCIPAL EXPERIENCIA ESPECÍFICA=MAYOR A 70% DEL AREA= 2671,2 m2 MAX 2 CONTRATOS. | Q37: ACTIVIDAD SECUNDARIA EXPERIENCIA ESPECÍFICA: ZONAS VERDES Y/O URBANISMO Y/O PAISAJISMO Y/O PARQUES Y/O ESPACIO PUBLICO | R37: Observación y respuesta a observaciones
A38: Objeto del Contrato | B38: Entidad Contratante | D38: Valor Contrato | E38: Año de ejecución aportado | F38: Area intervenida(m2) | G38: Valor del Contrato en SMMLV | H38: Participación UT/CONSORCIO | I38: Participación en SMMLV | J38: Fecha de terminación del contrato aportado | K38: CODIGO UNSPSC SEGMENTOS (72101500 -72141300-72153100-49221500) | L38: PROPONENTE QUE APOTARTA EL 50% SMMLV(824.80) | M38: Valor aportado
A39: =VLOOKUP(A32,'LISTA DE OFERENTES'!$A$6:$R$38,7,FALSE) -> ISAIAS VARGAS GONZALEZ | O39: Area validada
A40: CONSTRUCCION ADECUACION Y MEJORAMIENTO DE LA PLANTA FISICA DEL PARQUE RECREACIONAL LA MAGDALENA - MUNICIPIO DEL AGRADO - HUILA | B40: MUNICIPIO DEL AGRADO-HUILA | D40: 1.7797459e+09 | E40: 2015 | F40: 6738.73 | G40: =D40/(VLOOKUP(E40,$D$535:$E$566,2,FALSE)) -> 2762.0794 | H40: 0.5 | I40: =H40*G40 -> 1381.0397 | J40: 42368 | K40: 72101500 -72141300-72153100 | M40: =I40 -> 1381.0397 | N40: CUMPLE | O40: =+CONCATENATE(FIXED(F40*H40,2)," ","m2") -> 3.369,37 m2 | P40: CUMPLE | Q40: CUMPLE | R40: El proponente cumple con los aspectos de experiencia general, especifica y secundaria.
A41: =+'LISTA DE OFERENTES'!K8 -> JOHN EDISON JORDAN TEJADA
A42: CONSTRUCCIÓN PARQUE RONDA SAN PEDRO EN EL MUNICIPIO DE EL AGRADO DEPARTAMENTO DEL HUILA - ETAPA II" | B42: MUNICIPIO DEL AGRADO-HUILA | D42: 3252998080 | E42: 2020 | F42: 7465 | G42: =D42/(VLOOKUP(E42,$D$535:$E$566,2,FALSE)) -> 3705.8407 | H42: 0.51 | I42: =H42*G42 -> 1889.9788 | J42: 44170 | K42: 72101500 | M42: =I42 -> 1889.9788 | N42: CUMPLE | O42: =+CONCATENATE(FIXED(F42*H42,2)," ","m2") -> 3.807,15 m2 | P42: CUMPLE | Q42: CUMPLE | R42: El proponente cumple con los aspectos de experiencia general, especifica y secundaria.
A43: TOTALES | I43: =SUM(I40:I42) -> 3271.0185 | J43: EXPERIENCIA DEL PROPONENTE | R43: CUMPLE
A45: =A32+1 -> 4 | E45: =VLOOKUP(A45,'LISTA DE OFERENTES'!$A$6:$B$38,2,FALSE) -> INVERSIONES GUERFOR S.A.S
A46: NÚMERO DE CONTRATOS PRESENTADOS | B46: 4 | C46: PRESUPUESTO OFICIAL EN SMMLV | D46: =+$E$508 -> 1649.6084
A47: VALOR MÍNIMO A CERTIFICAR | C47: =IF(B46<3,0.75,IF(B46<5,1.2,1.5)) -> 1.2 | D47: =+D46*C47 -> 1979.53
A48: TERMINO DE EJECUCION EXIGIDO | C48: 44771
A49: TOTAL SALARIOS MINIMOS ACREDITADOS | C49: =+IF(I57>D47,"CUMPLE","NO CUMPLE") -> CUMPLE
A50: CONDICIONES DE EXPERIENCIA | J50: CONDICION N°. 1 (VER TABLA AL FINAL DE LA HOJA) | K50: CONDICION N°. 2 (VER TABLA AL FINAL DE LA HOJA) | L50: CONDICION N°. 4 (VER TABLA AL FINAL DE LA HOJA) | N50: ACTIVIDAD PRINCIPAL EXPERIENCIA GENERAL (PARQUES/ESPACIO PUBLICO) | O50: ACTIVIDAD PRINCIPAL EXPERIENCIA ESPECÍFICA=AREA MAYOR A 70% DEL AREA= 2671,2 m2 MAX 2 CONTRATOS. | Q50: ACTIVIDAD SECUNDARIA EXPERIENCIA ESPECÍFICA: ZONAS VERDES Y/O URBANISMO Y/O PAISAJISMO Y/O PARQUES Y/O ESPACIO PUBLICO | R50: Observación y respuesta a observaciones
A51: Objeto del Contrato | B51: Entidad Contratante | D51: Valor Contrato | E51: Año de ejecución aportado | F51: Area intervenida(m2) | G51: Valor del Contrato en SMMLV | H51: Participación UT/CONSORCIO | I51: Participación en SMMLV | J51: Fecha de terminación del contrato aportado | K51: CODIGO UNSPSC SEGMENTOS (72101500 -72141300-72153100-49221500) | L51: PROPONENTE QUE APOTARTA EL 50% SMMLV(824.80) | M51: Valor aportado
A52: =VLOOKUP(A45,'LISTA DE OFERENTES'!$A$6:$R$38,7,FALSE) -> INVERSIONES GUERFOR S.A.S | L52: =+A52 -> INVERSIONES GUERFOR S.A.S | O52: Area validada
A53: CONTRATAR MEDIANTE EL SISTEMA DE PRECIOS UNITARIOS FIJOS, EL MANTENIMIENTO, ADECUACIÓN Y RECUPERACIÓN DE LA INFRAESTRUCTURA FÍSICA, ASÍ COMO EL SUMINISTRO E INSTALACIÓN DEL MOBILIARIO DE LOS PARQUES VECINALES Y DE BOLSILLO QUE HACEN PARTE DEL SISTEMA DISTRITAL DE PARQUES.” GRUPO 1 | B53: IDRD | D53: 5858976013 | E53: 2019 | F53: 0 | G53: =D53/(VLOOKUP(E53,$D$535:$E$566,2,FALSE)) -> 7075.0668 | H53: 0.4 | J53: 43663 | K53: 72101500 -72141300-72153100-49221500 | M53: =I53 -> 0 | N53: CUMPLE | O53: =+CONCATENATE(FIXED(F53*H53,2)," ","m2") -> 0,00 m2 | P53: NO CUMPLE | Q53: NO CUMPLE | R53: El proponente manifiesta por medio de subsanació "Me dirijo a la entidad con el fin de adjuntar el acta de terminación para su verificación de la actividad secundaria requerida en el presente proceso.", sin embargo el documento que mencionan no se encuentra dentro de la carpeta "grupo 1".
A54: CONTRATAR MEDIANTE EL SISTEMA DE PRECIOS UNITARIOS FIJOS, EL MANTENIMIENTO, ADECUACIÓN Y RECUPERACIÓN DE LA INFRAESTRUCTURA FÍSICA, ASÍ COMO EL SUMINISTRO E INSTALACIÓN DEL MOBILIARIO DE LOS PARQUES VECINALES Y DE BOLSILLO QUE HACEN PARTE DEL SISTEMA DISTRITAL DE PARQUES.” GRUPO 2 | B54: IDRD | D54: 4397636945 | E54: 2019 | F54: 20150 | G54: =D54/(VLOOKUP(E54,$D$535:$E$566,2,FALSE)) -> 5310.4118 | H54: 0.4 | I54: =H54*G54 -> 2124.1647 | J54: 43646 | K54: 72101500 -72141300-72153100-49221500 | M54: =I54 -> 2124.1647 | N54: CUMPLE | O54: =+CONCATENATE(FIXED(F54*H54,2)," ","m2") -> 8.060,00 m2 | P54: CUMPLE | Q54: CUMPLE | R54: El proponente subsana en adecuada forma. Contiene mobiliario, paisajismos y se estipula el área intervenida.
A55: CONTRATAR MEDIANTE EL SISTEMA DE PRECIOS UNITARIOS FIJOS, EL MANTENIMIENTO, ADECUACIÓN Y RECUPERACIÓN DE LA INFRAESTRUCTURA FÍSICA, ASÍ COMO EL SUMINISTRO E INSTALACIÓN DEL MOBILIARIO DE LOS PARQUES VECINALES Y DE BOLSILLO QUE HACEN PARTE DEL SISTEMA DISTRITAL DE PARQUES.” GRUPO 3 | B55: IDRD | D55: 5585976015 | E55: 2019 | F55: 19556.47 | G55: =D55/(VLOOKUP(E55,$D$535:$E$566,2,FALSE)) -> 6745.4028 | H55: 0.4 | I55: =H55*G55 -> 2698.1611 | J55: 43665 | K55: 72101500 -72141300-72153100-49221500 | M55: =I55 -> 2698.1611 | N55: CUMPLE | O55: =+CONCATENATE(FIXED(F55*H55,2)," ","m2") -> 7.822,59 m2 | P55: CUMPLE | Q55: CUMPLE | R55: El proponente subsana en adecuada forma. Contiene mobiliario, paisajismos y se estipula el área intervenida.
A56: ELABORACION DEL DIAGNÓSTICO Y EJECUCIÓN DE OBRAS DE REHABILITACIÓN Y MANTENIMIENTO DE LAS VÍAS PEATONALES SPRATT BIGHT Y GENNY BAY | B56: PATRIMONIO AUTONOMO FINDETER - ARCHIPIÉLAGO DE SAN ANDRÉS | D56: 1676531872 | E56: 2021 | F56: 0 | G56: =D56/(VLOOKUP(E56,$D$535:$E$566,2,FALSE)) -> 1845.3317 | H56: 0.5 | J56: 44525 | K56: 72101500 --72153100-49221500 | M56: =I56 -> 0 | N56: CUMPLE | O56: =+CONCATENATE(FIXED(F56*H56,2)," ","m2") -> 0,00 m2 | P56: NO CUMPLE | Q56: NO CUMPLE | R56: El proponente manifiesta por medio de subsanació "Me dirijo a la entidad con el fin de adjuntar el acta de terminación para su verificación de la actividad secundaria requerida en el presente proceso. Aclaramos a la entidad que este proceso es directo con FINDETER, entidad que realiza pagos e intervención directa a la obra contratada." Sin embargo dicho documento no se encuentra adjunto.
A57: TOTALES | I57: =SUM(I53:I56) -> 4822.3258 | J57: EXPERIENCIA DEL PROPONENTE | R57: CUMPLE
A59: =A45+1 -> 5 | E59: =VLOOKUP(A59,'LISTA DE OFERENTES'!$A$6:$B$38,2,FALSE) -> CONSORCIO PARQUES C&A
A60: NÚMERO DE CONTRATOS PRESENTADOS | B60: 4 | C60: PRESUPUESTO OFICIAL EN SMMLV | D60: =+$E$508 -> 1649.6084
A61: VALOR MÍNIMO A CERTIFICAR | C61: =IF(B60<3,0.75,IF(B60<5,1.2,1.5)) -> 1.2 | D61: =+D60*C61 -> 1979.53
A62: TERMINO DE EJECUCION EXIGIDO | C62: 44771
A63: TOTAL SALARIOS MINIMOS ACREDITADOS | C63: =+IF(I72>D61,"CUMPLE","NO CUMPLE") -> CUMPLE
A64: CONDICIONES DE EXPERIENCIA | J64: CONDICION N°. 1 (VER TABLA AL FINAL DE LA HOJA) | K64: CONDICION N°. 2 (VER TABLA AL FINAL DE LA HOJA) | L64: CONDICION N°. 4 (VER TABLA AL FINAL DE LA HOJA) | N64: ACTIVIDAD PRINCIPAL EXPERIENCIA GENERAL (PARQUES/ESPACIO PUBLICO) | O64: ACTIVIDAD PRINCIPAL EXPERIENCIA ESPECÍFICA=AREA MAYOR A 70% DEL AREA= 2671,2 m2 MAX 2 CONTRATOS. | Q64: ACTIVIDAD SECUNDARIA EXPERIENCIA ESPECÍFICA: ZONAS VERDES Y/O URBANISMO Y/O PAISAJISMO Y/O PARQUES Y/O ESPACIO PUBLICO | R64: Observación y respuesta a observaciones
A65: Objeto del Contrato | B65: Entidad Contratante | D65: Valor Contrato | E65: Año de ejecución aportado | F65: Area intervenida(m2) | G65: Valor del Contrato en SMMLV | H65: Participación UT/CONSORCIO | I65: Participación en SMMLV | J65: Fecha de terminación del contrato aportado | K65: CODIGO UNSPSC SEGMENTOS (72101500 -72141300-72153100-49221500) | L65: PROPONENTE QUE APOTARTA EL 50% SMMLV(824.80) | M65: Valor aportado
A66: =+'LISTA DE OFERENTES'!G10 -> AGORASPORT SA SUCURSAL COLOMBIA | L66: =+A66 -> AGORASPORT SA SUCURSAL COLOMBIA | O66: Area validada
A67: CONSTRUCCION PARQUE DEPORTIVO Y RECREATIVO LAS VEGAS-ZONA DE FUTBOL MELGAR (TOLIMA) | B67: ALCALDIA DE MELGAR | D67: =18008440575.8-(935101481+82429000)*1.3 -> 1.6685651e+10 | E67: 2015 | F67: =1517.25+4020.57+433.44+401.28+669.8 -> 7042.34 | G67: =D67/(VLOOKUP(E67,$D$535:$E$566,2,FALSE)) -> 25895.322 | H67: 1 | I67: =H67*G67 -> 25895.322 | J67: 42357 | K67: 72101500 -72141300-72153100-49221500 | M67: =I67 -> 25895.322 | N67: CUMPLE | O67: =+CONCATENATE(FIXED(F67*H67,2)," ","m2") -> 7.042,34 m2 | P67: CUMPLE | Q67: CUMPLE | R67: La certificación cumple con todo lo enunciado. Presenta instalación de mobiliario. La certificación cumple con actividad principal general, actividad especifica y actividad secundaria.
A68: CONSTRUCCION COLISEO PARQUE LAS VEGAS ,CONSTRUCCION CUBIERTA Y ADECUACION POLIDEPORTIVO DEL BARRIO LA FLORIDA ,CONTRUCCION CUBIERTA Y ADECUACION DEL POLIDEPORTIVO DEL BARRIO ICACAL DEL MUNICIPIO DE MELGAR - TOLIMA. | B68: ALCALDIA DE MELGAR | D68: =(559738963+126792745+13976865+29119620+19042902.93+11755800+21790080.78)*1.3 -> 1.0168821e+09 | E68: 2015 | F68: 0 | G68: =D68/(VLOOKUP(E68,$D$535:$E$566,2,FALSE)) -> 1578.1517 | H68: 1 | I68: =H68*G68 -> 1578.1517 | J68: 42308 | K68: 72101500 -72141300-72153100-49221500 | M68: =I68 -> 1578.1517 | N68: CUMPLE | O68: =+CONCATENATE(FIXED(F68*H68,2)," ","m2") -> 0,00 m2 | Q68: CUMPLE | R68: Unicamente se tuvieron en cuenta las actividades que tienen relación con espacio público y/o parques. La certificación cumple con experiencia general y con experiencia secundaria.
A69: =+'LISTA DE OFERENTES'!K10 -> INGENIERIA, CONSULTORIA, SUMINISTROS Y SERVICIOS INTEGRALES S.A.S
A70: CONSTRUCCION DE GIMNASIO AL AIRE LIBRE EN EL MUNICIPIO DE LOPEZ DE MICAY-DEPARTAMENTO DEL CAUCA | B70: MUNICIPIO DE LOPEZ DE MICAY | D70: 576366927 | E70: 2020 | F70: 1038 | G70: =D70/(VLOOKUP(E70,$D$535:$E$566,2,FALSE)) -> 656.60168 | H70: 1 | I70: =H70*G70 -> 656.60168 | J70: 43900 | K70: 72101500 -72141300-72153100-49221500 | M70: =I70 -> 656.60168 | N70: CUMPLE | O70: =+CONCATENATE(FIXED(F70*H70,2)," ","m2") -> 1.038,00 m2 | Q70: CUMPLE | R70: La certificación cumple con todo lo enunciado. Presenta instalación de mobiliario. La certificación cumple con actividad principal general y actividad secundaria.
A71: CONSTRUCCION DE GIMNASIO BIOSALUDABLES EN DIFERENTES MUNICIPIOS DEL DEPARTAMENTO DEL HUILA | B71: INDERHUILA | D71: 4197495289 | E71: 2018 | F71: 436.82 | G71: =D71/(VLOOKUP(E71,$D$535:$E$566,2,FALSE)) -> 5372.849 | H71: 0.9 | I71: =H71*G71 -> 4835.5641 | J71: 43455 | K71: 72101500 -72153100 | M71: =I71 -> 4835.5641 | N71: CUMPLE | O71: =+CONCATENATE(FIXED(F71*H71,2)," ","m2") -> 393,14 m2 | Q71: CUMPLE | R71: La certificación cumple con todo lo enunciado. Presenta instalación de mobiliario. La certificación cumple con actividad principal general y actividad secundaria.
A72: TOTALES | I72: =SUM(I67:I71) -> 32965.64 | J72: EXPERIENCIA DEL PROPONENTE | R72: CUMPLE
A74: =A59+1 -> 6 | E74: =VLOOKUP(A74,'LISTA DE OFERENTES'!$A$6:$B$38,2,FALSE) -> UNION TEMPORAL TUNAL 2022
A75: NÚMERO DE CONTRATOS PRESENTADOS | B75: 1 | C75: PRESUPUESTO OFICIAL EN SMMLV | D75: =+$E$508 -> 1649.6084
A76: VALOR MÍNIMO A CERTIFICAR | C76: =IF(B75<3,0.75,IF(B75<5,1.2,1.5)) -> 0.75 | D76: =+D75*C76 -> 1237.2063
A77: TERMINO DE EJECUCION EXIGIDO | C77: 44771
A78: TOTAL SALARIOS MINIMOS ACREDITADOS | C78: =+IF(I83>D76,"CUMPLE","NO CUMPLE") -> CUMPLE
A79: CONDICIONES DE EXPERIENCIA | J79: CONDICION N°. 1 (VER TABLA AL FINAL DE LA HOJA) | K79: CONDICION N°. 2 (VER TABLA AL FINAL DE LA HOJA) | L79: CONDICION N°. 4 (VER TABLA AL FINAL DE LA HOJA) | N79: ACTIVIDAD PRINCIPAL EXPERIENCIA GENERAL (PARQUES/ESPACIO PUBLICO) | O79: ACTIVIDAD PRINCIPAL EXPERIENCIA ESPECÍFICA=AREA MAYOR A 70% DEL AREA= 2671,2 m2 MAX 2 CONTRATOS. | Q79: ACTIVIDAD SECUNDARIA EXPERIENCIA ESPECÍFICA: ZONAS VERDES Y/O URBANISMO Y/O PAISAJISMO Y/O PARQUES Y/O ESPACIO PUBLICO | R79: Observación y respuesta a observaciones
A80: Objeto del Contrato | B80: Entidad Contratante | D80: Valor Contrato | E80: Año de ejecución aportado | F80: Area intervenida(m2) | G80: Valor del Contrato en SMMLV | H80: Participación UT/CONSORCIO | I80: Participación en SMMLV | J80: Fecha de terminación del contrato aportado | K80: CODIGO UNSPSC SEGMENTOS (72101500 -72141300-72153100-49221500) | L80: PROPONENTE QUE APOTARTA EL 50% SMMLV(824.80) | M80: Valor aportado
A81: ASOCIACION DE MUNICIPIOS DE LA SUBREGION CIENAGA GRANDE DE SANTAMARTA “ASOCIENAGA” | L81: =+A81 -> ASOCIACION DE MUNICIPIOS DE LA SUBREGION CIENAGA GRANDE DE SANTAMARTA “ASOCIENAGA” | O81: Area validada
A82: ADECUACION Y RECUPERACION DEL PARQUE CENTRAL DEL MUNICIPIO DE SALAMINA EN EL DEPARTAMENTO DEL MAGDALENA | B82: MUNICIPIO DE SALAMINA,MAGDALENA | D82: 3679625955 | E82: 2018 | F82: 3765.77 | G82: =D82/(VLOOKUP(E82,$D$535:$E$566,2,FALSE)) -> 4709.9695 | H82: 1 | I82: =H82*G82 -> 4709.9695 | J82: 43452 | K82: 72101500 -72141300-72153100 | M82: =I82 -> 4709.9695 | N82: CUMPLE | O82: =+CONCATENATE(FIXED(F82*H82,2)," ","m2") -> 3.765,77 m2 | P82: CUMPLE | Q82: CUMPLE | R82: El proponente cumple con la actividad principal, cumple el área de la actividad especifica y además contempla actividades de paisajismo /urbanismo/ espacio publico segun pliego de condiciones. Las actividades de construcción de otros elementos los cuales funcionarán presentaciones o plazoletas, son tenidas en cuenta como actividades de espación publico, teniendo en cuenta que pertecene a un municipio como parque central.
A83: TOTALES | I83: =SUM(I82:I82) -> 4709.9695 | J83: EXPERIENCIA DEL PROPONENTE | R83: CUMPLE
A85: =A74+1 -> 7 | E85: =VLOOKUP(A85,'LISTA DE OFERENTES'!$A$6:$B$38,2,FALSE) -> CONSORCIO TUNJUELO 2022
A86: NÚMERO DE CONTRATOS PRESENTADOS | B86: 3 | C86: PRESUPUESTO OFICIAL EN SMMLV | D86: =+$E$508 -> 1649.6084
A87: VALOR MÍNIMO A CERTIFICAR | C87: =IF(B86<3,0.75,IF(B86<5,1.2,1.5)) -> 1.2 | D87: =+D86*C87 -> 1979.53
A88: TERMINO DE EJECUCION EXIGIDO | C88: 44771
A89: TOTAL SALARIOS MINIMOS ACREDITADOS | C89: =+IF(I98>D87,"CUMPLE","NO CUMPLE") -> CUMPLE
A90: CONDICIONES DE EXPERIENCIA | J90: CONDICION N°. 1 (VER TABLA AL FINAL DE LA HOJA) | K90: CONDICION N°. 2 (VER TABLA AL FINAL DE LA HOJA) | L90: CONDICION N°. 4 (VER TABLA AL FINAL DE LA HOJA) | N90: ACTIVIDAD PRINCIPAL EXPERIENCIA GENERAL (PARQUES/ESPACIO PUBLICO) | O90: ACTIVIDAD PRINCIPAL EXPERIENCIA ESPECÍFICA=AREA MAYOR A 70% DEL AREA= 2671,2 m2 MAX 2 CONTRATOS. | Q90: ACTIVIDAD SECUNDARIA EXPERIENCIA ESPECÍFICA: ZONAS VERDES Y/O URBANISMO Y/O PAISAJISMO Y/O PARQUES Y/O ESPACIO PUBLICO | R90: Observación y respuesta a observaciones
A91: Objeto del Contrato | B91: Entidad Contratante | D91: Valor Contrato | E91: Año de ejecución aportado | F91: Area intervenida(m2) | G91: Valor del Contrato en SMMLV | H91: Participación UT/CONSORCIO | I91: Participación en SMMLV | J91: Fecha de terminación del contrato aportado | K91: CODIGO UNSPSC SEGMENTOS (72101500 -72141300-72153100-49221500) | L91: PROPONENTE QUE APOTARTA EL 50% SMMLV(824.80) | M91: Valor aportado
A92: =VLOOKUP(A85,'LISTA DE OFERENTES'!$A$6:$R$38,7,FALSE) -> JOHN WILLIAM CASALLAS JURADO | L92: =+A96 -> PROCIVIN S.A.S | O92: Area validada
A93: "CONTRATAR POR EL SISTEMA DE PRECIOS UNITARIOS FIJOS, LAS OBRAS DE CONSTRUCCION Y/O ADECUACION DE PARQUES EN LAS AREAS DE MEJORAMIENTO INTEGRAL PRIORIZADAS POR LA SDHT EN EL MARCO DEL CONVENIO INTERADMINISTRATIVO N°2018(2017-IDRD) DEL 20 DE ABRIL DE 2015 CON CARGO AL PROYECTO DE INVERSION 1082: CONSTRUCCION Y ADECUACION DE PARQUES Y EQUIPAMIENTO PARA TODOS" | B93: IDRD | D93: 4737787374 | E93: 2018 | F93: =17732.95+9012 -> 26744.95 | G93: =D93/(VLOOKUP(E93,$D$535:$E$566,2,FALSE)) -> 6064.4299 | H93: 0.34 | I93: =H93*G93 -> 2061.9062 | J93: 43452 | K93: 72101500 -72141300-72153100 | M93: =I93 -> 2061.9062 | N93: CUMPLE | O93: =+CONCATENATE(FIXED(F93*H93,2)," ","m2") -> 9.093,28 m2 | P93: CUMPLE | Q93: CUMPLE | R93: La certificacion presenta mobiliario en su actividad principal, cumple con experiencia principal general y especifica y contiene actividades de paisajismo y urbanismo .
A94: =VLOOKUP(A85,'LISTA DE OFERENTES'!$A$6:$R$38,11,FALSE) -> EDILEBERTO MATEUS ALVAREZ
A95: REALIZAR POR EL SISTEMA DE PRECIOS GLOBAL FIJO LOS DISEÑOS Y ESTUDIOS Y POR EL SISTEMA DE PRECIOS UNITARIOS FIJOS LA CONSTRUCCION DE DIFERENTES PARQUES DE LA LOCALIDAD DE SUBA DE BOGOTA | B95: IDRD | D95: 1122116902 | E95: 2009 | F95: 6348 | G95: =D95/(VLOOKUP(E95,$D$535:$E$566,2,FALSE)) -> 2258.2349 | H95: 0.67 | I95: =H95*G95 -> 1513.0174 | J95: 40091 | K95: 72101500 -72141300-72153100 | M95: =I95 -> 1513.0174 | N95: CUMPLE | O95: =+CONCATENATE(FIXED(F95*H95,2)," ","m2") -> 4.253,16 m2 | P95: CUMPLE | Q95: CUMPLE | R95: La certificacion presenta mobiliario en su actividad principal, cumple con experiencia principal general y especifica y contiene actividades de paisajismo y urbanismo .
A96: =VLOOKUP(A85,'LISTA DE OFERENTES'!$A$6:$R$38,15,FALSE) -> PROCIVIN S.A.S
A97: REALIZAR LAS OBRAS DE CONSTRUCCION Y ADECUACION DEL PARQUE ZONAL SIERRA MORENA, LOCALIDAD DE CIUDAD BOLIVAR | B97: IDRD | D97: 9925109755 | E97: 2019 | F97: 23145 | G97: =D97/(VLOOKUP(E97,$D$535:$E$566,2,FALSE)) -> 11985.168 | H97: 0.25 | I97: =H97*G97 -> 2996.2921 | J97: 43828 | K97: 72101500 -72141300-72153100 | M97: =I97 -> 2996.2921 | N97: CUMPLE | O97: =+CONCATENATE(FIXED(F97*H97,2)," ","m2") -> 5.786,25 m2 | P97: CUMPLE | Q97: CUMPLE | R97: La certificacion presenta mobiliario y juegos en su actividad principal, cumple con experiencia principal general y especifica y contiene actividades de paisajismo y urbanismo.
A98: TOTALES | I98: =SUM(I93:I97) -> 6571.2156 | J98: EXPERIENCIA DEL PROPONENTE | R98: CUMPLE
A100: =A85+1 -> 8 | E100: =VLOOKUP(A100,'LISTA DE OFERENTES'!$A$6:$B$38,2,FALSE) -> CONSORCIO INGENIERÍA I
A101: NÚMERO DE CONTRATOS PRESENTADOS | B101: 2 | C101: PRESUPUESTO OFICIAL EN SMMLV | D101: =+$E$508 -> 1649.6084
A102: VALOR MÍNIMO A CERTIFICAR | C102: =IF(B101<3,0.75,IF(B101<5,1.2,1.5)) -> 0.75 | D102: =+D101*C102 -> 1237.2063
A103: TERMINO DE EJECUCION EXIGIDO | C103: 44771
A104: TOTAL SALARIOS MINIMOS ACREDITADOS | C104: =+IF(I111>D102,"CUMPLE","NO CUMPLE") -> CUMPLE
A105: CONDICIONES DE EXPERIENCIA | J105: CONDICION N°. 1 (VER TABLA AL FINAL DE LA HOJA) | K105: CONDICION N°. 2 (VER TABLA AL FINAL DE LA HOJA) | L105: CONDICION N°. 4 (VER TABLA AL FINAL DE LA HOJA) | N105: ACTIVIDAD PRINCIPAL EXPERIENCIA GENERAL (PARQUES/ESPACIO PUBLICO) | O105: ACTIVIDAD PRINCIPAL EXPERIENCIA ESPECÍFICA=AREA MAYOR A 70% DEL AREA= 2671,2 m2 MAX 2 CONTRATOS. | Q105: ACTIVIDAD SECUNDARIA EXPERIENCIA ESPECÍFICA: ZONAS VERDES Y/O URBANISMO Y/O PAISAJISMO Y/O PARQUES Y/O ESPACIO PUBLICO | R105: Observación y respuesta a observaciones
A106: Objeto del Contrato | B106: Entidad Contratante | D106: Valor Contrato | E106: Año de ejecución aportado | F106: Area intervenida(m2) | G106: Valor del Contrato en SMMLV | H106: Participación UT/CONSORCIO | I106: Participación en SMMLV | J106: Fecha de terminación del contrato aportado | K106: CODIGO UNSPSC SEGMENTOS (72101500 -72141300-72153100-49221500) | L106: PROPONENTE QUE APOTARTA EL 50% SMMLV(824.80) | M106: Valor aportado
A107: =VLOOKUP(A100,'LISTA DE OFERENTES'!$A$6:$R$38,7,FALSE) -> IC INGENIEROS CONSTRUCTORES SAS | L107: =+A107 -> IC INGENIEROS CONSTRUCTORES SAS | O107: Area validada
A108: EJECUCIÓN DE ESTUDIOS, DISEÑOS, CONSTRUCCIÓN Y PUESTA EN FUNCIONAMIENTO DE UN PARQUE RECREO DEPORTIVO UBICADO EN LA URBANIZACIÓN TULIPANES DE LA ITALIA EN EL MUNICIPIO DE PALMIRA, DEPARTAMENTO DE VALLE DEL CAUCA; UN PARQUE RECREO DEPORTIVO UBICADO EN LA URBANIZACIÓN MIRADOR DE LLANO GRANDE ETAPA B, C, D, J, M Y N EN EL MUNICIPIO DE PEREIRA, DEPARTAMENTO DE RISARALDA; UN PARQUE RECREO DEPORTIVO UBICADO EN LA URBANIZACIÓN MI SUEÑO EN EL MUNICIPIO DE VIJES, DEPARTAMENTO DE VALLE DEL CAUCA; Y UN PARQUE RECREO DEPORTIVO UBICADO EN LA URBANIZACIÓN SAN JOSÉ EN EL MUNICIPIO DE ARMENIA, DEPARTAMENTO DE QUINDÍO”. | B108: FINDETER | D108: 2753035489 | E108: 2019 | F108: =2258+4270+5284.71+2064 -> 13876.71 | G108: =D108/(VLOOKUP(E108,$D$535:$E$566,2,FALSE)) -> 3324.4563 | H108: 0.7 | I108: =H108*G108 -> 2327.1194 | J108: 43798 | K108: 72101500 -72141300-72153100- 49221500 | M108: =I108 -> 2327.1194 | N108: CUMPLE | O108: =+CONCATENATE(FIXED(F108*H108,2)," ","m2") -> 9.713,70 m2 | P108: CUMPLE | Q108: CUMPLE | R108: El proponente subsana adecuadamente. Unicamente se tiene en cuenta el valor de ejecución del contrato.
A109: =VLOOKUP(A100,'LISTA DE OFERENTES'!$A$6:$R$38,11,FALSE) -> INGASI SAS
A110: LA EJECUCIÓN DE ESTUDIOS, DISEÑOS, CONSTRUCCIÓN Y PUESTA EN FUNCIONAMIENTO DE UN PARQUE RECREO DEPORTIVO UBICADO EN LA URBANIZACION CIUDADELA TERRANOVA ETAPA I, II, III Y IV EN EL MUNICIPIO DE JAMUNDI; UN PARQUE RECREO DEPORTIVO UBICADO EN LA URBANIZACION HACIENDA VERDE EN EL MUNICIPIO DE YUMBO Y UN PARUQE RECREO DEPORTIVO UBICADO EN LA URBANIZACION LA ZAFRA ETAPA I, II, II Y IV EN EL MUNICIPIO DE CANDELARIA DEPARTAMENTO DEL VALLE DEL CAUCA”. | B110: FINDETER | D110: 2165532661 | E110: 2019 | F110: =4927+3498+2551 -> 10976 | G110: =D110/(VLOOKUP(E110,$D$535:$E$566,2,FALSE)) -> 2615.0113 | H110: 0.7 | I110: =H110*G110 -> 1830.5079 | J110: 43669 | K110: 72101500 -72141300-72153100- 49221500 | M110: =I110 -> 1830.5079 | N110: CUMPLE | O110: =+CONCATENATE(FIXED(F110*H110,2)," ","m2") -> 7.683,20 m2 | P110: CUMPLE | Q110: NO CUMPLE | R110: El proponente subsana adecuadamente. Unicamente se tiene en cuenta el valor de ejecución del contrato.
...

Sheet K RESIDUAL
A1: FONDO DE DESARROLLO LOCAL DE TUNJUELITO
A2: LICITACIÓN PÚBLICA FDLT-LP-004-2022
A3: Verificación Capacidad Residual
P4: OBSERVACIONES
A5: 1 | N5: CUMPLE | O5: =VLOOKUP(A5,'LISTA DE OFERENTES'!$A$6:$B$38,2,FALSE) -> CONSORCIO ESTRUCTURAS Y OBRAS | P5: EL PROPONENTE SUBSANA EN DEBIDA FORMA
AQ9: CUMPLE
AQ10: NO CUMPLE
A28: 2 | N28: CUMPLE | O28: =VLOOKUP(A28,'LISTA DE OFERENTES'!$A$6:$B$38,2,FALSE) -> HAPIL INGENIERIA SAS | P28: EL PROPONENTE ENTREGA CERTIFICACION DE ESTADOS FINANCIEROS FIRMADOS POR REVISOR FISCAL, CONTADOR Y REPRESENTANTE LEGAL
A51: 3 | N51: CUMPLE | O51: =VLOOKUP(A51,'LISTA DE OFERENTES'!$A$6:$B$38,2,FALSE) -> CONSORCIO SAN FIORANO | P51: EL PROPONENTE ENTREGA CERTIFICACION DE ESTADOS FINANCIEROS FIRMADOS POR REVISOR FISCAL, CONTADOR Y REPRESENTANTE LEGAL. LOS FORMATOS 5.1 ESTÁN CORTADOS Y NO PRESENTAN TODA LA INFORMACIÓN.
A74: 4 | N74: CUMPLE | O74: =VLOOKUP(A74,'LISTA DE OFERENTES'!$A$6:$B$38,2,FALSE) -> INVERSIONES GUERFOR S.A.S | P74: EL PROPONENTE SUBSANA EN DEBIDA FORMA
A97: 5 | N97: CUMPLE | O97: =VLOOKUP(A97,'LISTA DE OFERENTES'!$A$6:$B$38,2,FALSE) -> CONSORCIO PARQUES C&A | P97: EL PROPONENTE HACE UN ANALISIS DETALLADO DE LOS VALORES A TENER EN CUENTA, ADEMÁS TIENE CERTIFICACIONES DE REVISOR FISCAL, CON FIRMA DE CONTADOR Y REPRESENTANTE LEGAL.
A120: 6 | N120: CUMPLE | O120: =VLOOKUP(A120,'LISTA DE OFERENTES'!$A$6:$B$38,2,FALSE) -> UNION TEMPORAL TUNAL 2022 | P120: EL PROPONENTE ENTREGA CERTIFICACION DE ESTADOS FINANCIEROS FIRMADOS POR REVISOR FISCAL, CONTADOR Y REPRESENTANTE LEGAL
A143: 7 | N143: CUMPLE | O143: =VLOOKUP(A143,'LISTA DE OFERENTES'!$A$6:$B$38,2,FALSE) -> CONSORCIO TUNJUELO 2022 | P143: EL PROPONENTE ENTREGA CERTIFICACION DE ESTADOS FINANCIEROS FIRMADOS POR REVISOR FISCAL, CONTADOR Y REPRESENTANTE LEGAL
A166: 8 | N166: CUMPLE | O166: =VLOOKUP(A166,'LISTA DE OFERENTES'!$A$6:$B$38,2,FALSE) -> CONSORCIO INGENIERÍA I | P166: EL PROPONENTE ENTREGA CERTIFICACION DE ESTADOS FINANCIEROS FIRMADOS POR REVISOR FISCAL, CONTADOR Y REPRESENTANTE LEGAL
A189: 9 | N189: CUMPLE | O189: =VLOOKUP(A189,'LISTA DE OFERENTES'!$A$6:$B$38,2,FALSE) -> UNIÓN TEMPORAL BCC PARQUES BOGOTA 2022 | P189: EL PROPONENTE ENTREGA CERTIFICACION DE ESTADOS FINANCIEROS FIRMADOS POR REVISOR FISCAL, CONTADOR Y REPRESENTANTE LEGAL EL PROPONENTE ADJUNTA CERTIFICACIÓN FIRMADA DECLARANDO EL VALOR A EMPLEAR EN MEJORES INGRESOS DE LOS ULTIMOS 5 AÑOS.
A212: 10 | N212: CUMPLE | O212: =VLOOKUP(A212,'LISTA DE OFERENTES'!$A$6:$B$38,2,FALSE) -> LAM CONSTRUCCIONES S.A.S | P212: EL PROPONENTE ENTREGA CERTIFICACION DE ESTADOS FINANCIEROS FIRMADOS POR REVISOR FISCAL, CONTADOR Y REPRESENTANTE LEGAL
A235: 11 | N235: CUMPLE | O235: =VLOOKUP(A235,'LISTA DE OFERENTES'!$A$6:$B$38,2,FALSE) -> UNION TEMPORAL PARQUE TUNAL II
A258: 12 | N258: CUMPLE | O258: =VLOOKUP(A258,'LISTA DE OFERENTES'!$A$6:$B$38,2,FALSE) -> CONSORCIO UNAL AVL-DHE | P258: El integrante del Consorcio Unal AVL-DHE, DHE Ingenieria SAS muestra ingresos operacionales en cero.Se calcula bajo la siguiente condicion: "Por favor ingrese el mejor ingreso operacional de los últimos 5 años. Si los ingresos operacionales son inferiores a USD$ 125.000 o COP$ 228.842.000, la Capacidad Organizacional es de COP$ 228.842.000", la cual se encuentra en el formato de calculo del Kresidual de Colombia Compra Eficiente
A281: 13 | N281: CUMPLE | O281: =VLOOKUP(A281,'LISTA DE OFERENTES'!$A$6:$B$38,2,FALSE) -> CONSORCIO VALHER
A304: 14 | N304: CUMPLE | O304: =VLOOKUP(A304,'LISTA DE OFERENTES'!$A$6:$B$38,2,FALSE) -> PAVIMENTOS TECNICOS SAS
A327: 15 | N327: CUMPLE | O327: =VLOOKUP(A327,'LISTA DE OFERENTES'!$A$6:$B$38,2,FALSE) -> GESTION RURAL Y URBANA SAS
A350: 16 | N350: CUMPLE | O350: =VLOOKUP(A350,'LISTA DE OFERENTES'!$A$6:$B$38,2,FALSE) -> ESTUDIOS E INGENIERIA SAS
A373: 17 | N373: CUMPLE | O373: =VLOOKUP(A373,'LISTA DE OFERENTES'!$A$6:$B$38,2,FALSE) -> UNIOBRAS SAS
A396: 18 | N396: CUMPLE | O396: =VLOOKUP(A396,'LISTA DE OFERENTES'!$A$6:$B$38,2,FALSE) -> CONSORCIO MRTITANIUM
A419: 19 | N419: CUMPLE | O419: =VLOOKUP(A419,'LISTA DE OFERENTES'!$A$6:$B$38,2,FALSE) -> MAMUT ACERO Y CONCRETO SAS
A442: 20 | N442: CUMPLE | O442: =VLOOKUP(A442,'LISTA DE OFERENTES'!$A$6:$B$38,2,FALSE) -> PROYECTOS E INGENIERIA DE VIAS SAS-PROINVIAS SAS
A465: 21 | N465: CUMPLE | O465: =VLOOKUP(A465,'LISTA DE OFERENTES'!$A$6:$B$38,2,FALSE) -> CARLOS ARTURO VERGARA NEGRETE
A488: 22 | N488: CUMPLE | O488: =VLOOKUP(A488,'LISTA DE OFERENTES'!$A$6:$B$38,2,FALSE) -> CJS INGENIERIA SAS
A511: 23 | N511: CUMPLE | O511: =VLOOKUP(A511,'LISTA DE OFERENTES'!$A$6:$B$38,2,FALSE) -> CONSORCIO VECINAL GC
A534: 24 | N534: CUMPLE | O534: =VLOOKUP(A534,'LISTA DE OFERENTES'!$A$6:$B$38,2,FALSE) -> BYR CONSTRUCCIONES SAS
... A741: 33 | N741: CUMPLE | O741: =VLOOKUP(A741,'LISTA DE OFERENTES'!$A$6:$B$38,2,FALSE) -> CONSORCIO EL TUNAL V4G
A764: 34 | N764: CUMPLE | O764: =VLOOKUP(A764,'LISTA DE OFERENTES'!$A$6:$B$43,2,FALSE) -> PANAM INGENIEROS SAS
A787: 35 | N787: CUMPLE | O787: =VLOOKUP(A787,'LISTA DE OFERENTES'!$A$6:$B$43,2,FALSE) -> CONSORCIO TUNJUELITO VHJ
A810: 36 | N810: CUMPLE | O810: =VLOOKUP(A810,'LISTA DE OFERENTES'!$A$6:$B$43,2,FALSE) -> CONSORCIO PARQUE VECINAL 2022
A833: 37 | N833: CUMPLE | O833: =VLOOKUP(A833,'LISTA DE OFERENTES'!$A$6:$B$43,2,FALSE) -> CONSORCIO PARQUE CAIS2022
A856: 38 | N856: CUMPLE | O856: =VLOOKUP(A856,'LISTA DE OFERENTES'!$A$6:$B$43,2,FALSE) -> PHVA CONSTRUCTORES SAS

Sheet F. PONDERABLES FINAL
A1: FONDO DE DESARROLLO LOCAL DE TUNJUELITO
A2: FDLT-LP-004-2022
A3: FACTORES PONDERABLES
A7: FACTORES PONDERABLES / PUNTAJE FINAL | C7: OFERTA ECONÓMICA (60 PUNTOS) | D7: FACTOR DE CALIDAD - Formato 7A – Programa de gerencia de proyectos (9 PUNTOS) | E7: FACTOR DE CALIDAD - Formato 7C - Plan de calidad (10 PUNTOS) | F7: APOYO A LA INDUSTRIAL NACIONAL - Formato 9A /9B – Promoción de Servicios Nacionales o con Trato Nacional (20 PUNTOS) | G7: VINCULACIÓN DE PERSONAS CON DISCAPACIDAD - Formato 8 – Vinculación de personas con discapacidad (1 PUNTO) | H7: PUNTAJE TOTAL | I7: OBSERVACIONES
A8: 24 | B8: =VLOOKUP(A8,'LISTA DE OFERENTES'!$A$6:$B$38,2,FALSE) -> BYR CONSTRUCCIONES SAS | C8: 59.81 | D8: 9 | E8: 10 | F8: 20 | G8: 1 | H8: =G8+F8+E8+D8+C8 -> 99.81 | I8: Cumple con los documentos del factor de ponderacion, debidamente diligenciados de conformidad al pliego de condiciones.
A9: 5 | B9: =VLOOKUP(A9,'LISTA DE OFERENTES'!$A$6:$B$38,2,FALSE) -> CONSORCIO PARQUES C&A | C9: 59.77 | D9: 9 | E9: 10 | F9: 20 | G9: 1 | H9: =G9+F9+E9+D9+C9 -> 99.77 | I9: Cumple con los documentos del factor de ponderacion, debidamente diligenciados de conformidad al pliego de condiciones.
A10: 11 | B10: =VLOOKUP(A10,'LISTA DE OFERENTES'!$A$6:$B$38,2,FALSE) -> UNION TEMPORAL PARQUE TUNAL II | C10: 59.19 | D10: 9 | E10: 10 | F10: 20 | G10: 1 | H10: =C10+D10+E10+F10+G10 -> 99.19
A11: 35 | B11: =VLOOKUP(A11,'LISTA DE OFERENTES'!$A$6:$B$43,2,FALSE) -> CONSORCIO TUNJUELITO VHJ | C11: 59.04 | D11: 9 | E11: 10 | F11: 20 | G11: 1 | H11: =G11+F11+E11+D11+C11 -> 99.04 | I11: Cumple con los documentos del factor de ponderacion, debidamente diligenciados de conformidad al pliego de condiciones.
A12: 4 | B12: =VLOOKUP(A12,'LISTA DE OFERENTES'!$A$6:$B$38,2,FALSE) -> INVERSIONES GUERFOR S.A.S | C12: 58.89 | D12: 9 | E12: 10 | F12: 20 | G12: 1 | H12: =G12+F12+E12+D12+C12 -> 98.89 | I12: Cumple con los documentos del factor de ponderacion, debidamente diligenciados de conformidad al pliego de condiciones.
A13: 31 | B13: =VLOOKUP(A13,'LISTA DE OFERENTES'!$A$6:$B$38,2,FALSE) -> CONSORCIO CONSTRUC. PARQUE TUNAL II | C13: 58.68 | D13: 9 | E13: 10 | F13: 20 | G13: 1 | H13: =G13+F13+E13+D13+C13 -> 98.68 | I13: Cumple con los documentos del factor de ponderacion, debidamente diligenciados de conformidad al pliego de condiciones.
A14: 25 | B14: =VLOOKUP(A14,'LISTA DE OFERENTES'!$A$6:$B$38,2,FALSE) -> CONSORCIO PANORAMA | C14: 58.65 | D14: 9 | E14: 10 | F14: 20 | G14: 1 | H14: =G14+F14+E14+D14+C14 -> 98.65 | I14: Cumple con los documentos del factor de ponderacion, debidamente diligenciados de conformidad al pliego de condiciones.
A15: 16 | B15: =VLOOKUP(A15,'LISTA DE OFERENTES'!$A$6:$B$38,2,FALSE) -> ESTUDIOS E INGENIERIA SAS | C15: 58.64 | D15: 9 | E15: 10 | F15: 20 | G15: 1 | H15: =G15+F15+E15+D15+C15 -> 98.64 | I15: Cumple con los documentos del factor de ponderacion, debidamente diligenciados de conformidad al pliego de condiciones.
A16: 17 | B16: =VLOOKUP(A16,'LISTA DE OFERENTES'!$A$6:$B$38,2,FALSE) -> UNIOBRAS SAS | C16: 58.58 | D16: 9 | E16: 10 | F16: 20 | G16: 1 | H16: =G16+F16+E16+D16+C16 -> 98.58 | I16: Cumple con los documentos del factor de ponderacion, debidamente diligenciados de conformidad al pliego de condiciones.
A17: 29 | B17: =VLOOKUP(A17,'LISTA DE OFERENTES'!$A$6:$B$38,2,FALSE) -> CONSORCIO CDJ 05 | C17: 58.58 | D17: 9 | E17: 10 | F17: 20 | G17: 1 | H17: =C17+D17+E17+F17+G17 -> 98.58 | I17: Cumple con los documentos del factor de ponderacion, debidamente diligenciados de conformidad al pliego de condiciones.
A18: 30 | B18: =VLOOKUP(A18,'LISTA DE OFERENTES'!$A$6:$B$38,2,FALSE) -> CONSORCIO PARQUES INLF | C18: 58.58 | D18: 9 | E18: 10 | F18: 20 | G18: 1 | H18: =G18+F18+E18+D18+C18 -> 98.58 | I18: Cumple con los documentos del factor de ponderacion, debidamente diligenciados de conformidad al pliego de condiciones.
A19: 8 | B19: =VLOOKUP(A19,'LISTA DE OFERENTES'!$A$6:$B$38,2,FALSE) -> CONSORCIO INGENIERÍA I | C19: 58.53 | D19: 9 | E19: 10 | F19: 20 | G19: 1 | H19: =G19+F19+E19+D19+C19 -> 98.53 | I19: Cumple con los documentos del factor de ponderacion, debidamente diligenciados de conformidad al pliego de condiciones.
A20: 15 | B20: =VLOOKUP(A20,'LISTA DE OFERENTES'!$A$6:$B$38,2,FALSE) -> GESTION RURAL Y URBANA SAS | C20: 58.44 | D20: 9 | E20: 10 | F20: 20 | G20: 1 | H20: =G20+F20+E20+D20+C20 -> 98.44 | I20: Cumple con los documentos del factor de ponderacion, debidamente diligenciados de conformidad al pliego de condiciones.
A21: 32 | B21: =VLOOKUP(A21,'LISTA DE OFERENTES'!$A$6:$B$38,2,FALSE) -> CONSORCIO TUNALITO | C21: 58.43 | D21: 9 | E21: 10 | F21: 20 | G21: 1 | H21: =G21+F21+E21+D21+C21 -> 98.43 | I21: Cumple con los documentos del factor de ponderacion, debidamente diligenciados de conformidad al pliego de condiciones.
A22: 10 | B22: =VLOOKUP(A22,'LISTA DE OFERENTES'!$A$6:$B$38,2,FALSE) -> LAM CONSTRUCCIONES S.A.S | C22: 58.4 | D22: 9 | E22: 10 | F22: 20 | G22: 1 | H22: =G22+F22+E22+D22+C22 -> 98.4 | I22: Cumple con los documentos del factor de ponderacion, debidamente diligenciados de conformidad al pliego de condiciones.
A23: 13 | B23: =VLOOKUP(A23,'LISTA DE OFERENTES'!$A$6:$B$38,2,FALSE) -> CONSORCIO VALHER | C23: 58.37 | D23: 9 | E23: 10 | F23: 20 | G23: 1 | H23: =G23+F23+E23+D23+C23 -> 98.37 | I23: Cumple con los documentos del factor de ponderacion, debidamente diligenciados de conformidad al pliego de condiciones.
A24: 9 | B24: =VLOOKUP(A24,'LISTA DE OFERENTES'!$A$6:$B$38,2,FALSE) -> UNIÓN TEMPORAL BCC PARQUES BOGOTA 2022 | C24: 58.36 | D24: 9 | E24: 10 | F24: 20 | G24: 1 | H24: =G24+F24+E24+D24+C24 -> 98.36 | I24: Cumple con los documentos del factor de ponderacion, debidamente diligenciados de conformidad al pliego de condiciones.
A25: 3 | B25: =VLOOKUP(A25,'LISTA DE OFERENTES'!$A$6:$B$38,2,FALSE) -> CONSORCIO SAN FIORANO | C25: 58.34 | D25: 9 | E25: 10 | F25: 20 | G25: 1 | H25: =G25+F25+E25+D25+C25 -> 98.34 | I25: Cumple con los documentos del factor de ponderacion, debidamente diligenciados de conformidad al pliego de condiciones.
A26: 33 | B26: =VLOOKUP(A26,'LISTA DE OFERENTES'!$A$6:$B$43,2,FALSE) -> CONSORCIO EL TUNAL V4G | C26: 58.32 | D26: 9 | E26: 10 | F26: 20 | G26: 1 | H26: =G26+F26+E26+D26+C26 -> 98.32 | I26: Cumple con los documentos del factor de ponderacion, debidamente diligenciados de conformidad al pliego de condiciones.
A27: 21 | B27: =VLOOKUP(A27,'LISTA DE OFERENTES'!$A$6:$B$38,2,FALSE) -> CARLOS ARTURO VERGARA NEGRETE | C27: 58.29 | D27: 9 | E27: 10 | F27: 20 | G27: 1 | H27: =G27+F27+E27+D27+C27 -> 98.29 | I27: Cumple con los documentos del factor de ponderacion, debidamente diligenciados de conformidad al pliego de condiciones.
A28: 27 | B28: =VLOOKUP(A28,'LISTA DE OFERENTES'!$A$6:$B$38,2,FALSE) -> CONSORCIO TUNAL CL | C28: 58.27 | D28: 9 | E28: 10 | F28: 20 | G28: 1 | H28: =G28+F28+E28+D28+C28 -> 98.27 | I28: Cumple con los documentos del factor de ponderacion, debidamente diligenciados de conformidad al pliego de condiciones.
A29: 7 | B29: =VLOOKUP(A29,'LISTA DE OFERENTES'!$A$6:$B$38,2,FALSE) -> CONSORCIO TUNJUELO 2022 | C29: 58.26 | D29: 9 | E29: 10 | F29: 20 | G29: 1 | H29: =G29+F29+E29+D29+C29 -> 98.26 | I29: Cumple con los documentos del factor de ponderacion, debidamente diligenciados de conformidad al pliego de condiciones.
A30: 6 | B30: =VLOOKUP(A30,'LISTA DE OFERENTES'!$A$6:$B$38,2,FALSE) -> UNION TEMPORAL TUNAL 2022 | C30: 58.22 | D30: 9 | E30: 10 | F30: 20 | G30: 1 | H30: =G30+F30+E30+D30+C30 -> 98.22 | I30: Cumple con los documentos del factor de ponderacion, debidamente diligenciados de conformidad al pliego de condiciones.
A31: 23 | B31: =VLOOKUP(A31,'LISTA DE OFERENTES'!$A$6:$B$38,2,FALSE) -> CONSORCIO VECINAL GC | C31: 58.22 | D31: 9 | E31: 10 | F31: 20 | G31: 1 | H31: =G31+F31+E31+D31+C31 -> 98.22 | I31: Cumple con los documentos del factor de ponderacion, debidamente diligenciados de conformidad al pliego de condiciones.
A32: 2 | B32: =VLOOKUP(A32,'LISTA DE OFERENTES'!$A$6:$B$38,2,FALSE) -> HAPIL INGENIERIA SAS | C32: 58.12 | D32: 9 | E32: 10 | F32: 20 | G32: 1 | H32: =G32+F32+E32+D32+C32 -> 98.12 | I32: Cumple con los documentos del factor de ponderacion, debidamente diligenciados de conformidad al pliego de condiciones.
A33: 14 | B33: =VLOOKUP(A33,'LISTA DE OFERENTES'!$A$6:$B$38,2,FALSE) -> PAVIMENTOS TECNICOS SAS | C33: 58.08 | D33: 9 | E33: 10 | F33: 20 | G33: 1 | H33: =G33+F33+E33+D33+C33 -> 98.08 | I33: Cumple con los documentos del factor de ponderacion, debidamente diligenciados de conformidad al pliego de condiciones.
A34: 18 | B34: =VLOOKUP(A34,'LISTA DE OFERENTES'!$A$6:$B$38,2,FALSE) -> CONSORCIO MRTITANIUM | C34: 58.08 | D34: 9 | E34: 10 | F34: 20 | G34: 1 | H34: =G34+F34+E34+D34+C34 -> 98.08 | I34: Cumple con los documentos del factor de ponderacion, debidamente diligenciados de conformidad al pliego de condiciones.
A35: 1 | B35: =VLOOKUP(A35,'LISTA DE OFERENTES'!$A$6:$B$38,2,FALSE) -> CONSORCIO ESTRUCTURAS Y OBRAS | C35: 58.07 | D35: 9 | E35: 10 | F35: 20 | G35: 1 | H35: =G35+F35+E35+D35+C35 -> 98.07 | I35: Cumple con los documentos del factor de ponderacion, debidamente diligenciados de conformidad al pliego de condiciones.
A36: 34 | B36: =VLOOKUP(A36,'LISTA DE OFERENTES'!$A$6:$B$43,2,FALSE) -> PANAM INGENIEROS SAS | C36: 57.92 | D36: 9 | E36: 10 | F36: 20 | G36: 1 | H36: =G36+F36+E36+D36+C36 -> 97.92 | I36: Cumple con los documentos del factor de ponderacion, debidamente diligenciados de conformidad al pliego de condiciones.
A37: 19 | B37: =VLOOKUP(A37,'LISTA DE OFERENTES'!$A$6:$B$38,2,FALSE) -> MAMUT ACERO Y CONCRETO SAS | C37: 57.56 | D37: 9 | E37: 10 | F37: 20 | G37: 1 | H37: =G37+F37+E37+D37+C37 -> 97.56 | I37: Cumple con los documentos del factor de ponderacion, debidamente diligenciados de conformidad al pliego de condiciones.
A38: 38 | B38: =VLOOKUP(A38,'LISTA DE OFERENTES'!$A$6:$B$43,2,FALSE) -> PHVA CONSTRUCTORES SAS | C38: 57.25 | D38: 9 | E38: 10 | F38: 20 | G38: 1 | H38: =G38+F38+E38+D38+C38 -> 97.25 | I38: Cumple con los documentos del factor de ponderacion, debidamente diligenciados de conformidad al pliego de condiciones.
A39: 22 | B39: =VLOOKUP(A39,'LISTA DE OFERENTES'!$A$6:$B$38,2,FALSE) -> CJS INGENIERIA SAS | C39: 56.69 | D39: 9 | E39: 10 | F39: 20 | G39: 1 | H39: =G39+F39+E39+D39+C39 -> 96.69 | I39: Cumple con los documentos del factor de ponderacion, debidamente diligenciados de conformidad al pliego de condiciones.
A40: 12 | B40: =VLOOKUP(A40,'LISTA DE OFERENTES'!$A$6:$B$38,2,FALSE) -> CONSORCIO UNAL AVL-DHE | C40: RECHAZADO | H40: 0 | I40: Cumple con los documentos del factor de ponderacion, debidamente diligenciados de conformidad al pliego de condiciones.
A41: 20 | B41: =VLOOKUP(A41,'LISTA DE OFERENTES'!$A$6:$B$38,2,FALSE) -> PROYECTOS E INGENIERIA DE VIAS SAS-PROINVIAS SAS | C41: RECHAZADO | H41: 0 | I41: Ver anexo juridico
A42: 26 | B42: =VLOOKUP(A42,'LISTA DE OFERENTES'!$A$6:$B$38,2,FALSE) -> UNIOBRAS DEL ORIENTE SAS | C42: NO HABILTADO | H42: 0
A43: 28 | B43: =VLOOKUP(A43,'LISTA DE OFERENTES'!$A$6:$B$38,2,FALSE) -> MAURICIO RAFAEL PABA PINZON | C43: RECHAZADO | H43: 0
A44: 36 | B44: =VLOOKUP(A44,'LISTA DE OFERENTES'!$A$6:$B$43,2,FALSE) -> CONSORCIO PARQUE VECINAL 2022 | C44: RECHAZADO | H44: 0 | I44: Cumple con los documentos del factor de ponderacion, debidamente diligenciados de conformidad al pliego de condiciones.
A45: 37 | B45: =VLOOKUP(A45,'LISTA DE OFERENTES'!$A$6:$B$43,2,FALSE) -> CONSORCIO PARQUE CAIS2022 | C45: RECHAZADO | H45: 0 | I45: Ver anexo juridico

Sheet RESUMEN EVALUACIÓN FINAL
A1: FONDO DE DESARROLLO LOCAL DE TUNJUELITO
A2: FDLT-LP-004-2022
A3: CONTRATAR A PRECIOS UNITARIOS FIJOS LAS OBRAS NECESARIAS PARA LA CONSTRUCCIÓN DEL PARQUE VECINAL0 IDENTIFICADO CON0 CÓDIGO IDRD 06-061 DENOMINADO URBANIZACIÓN EL TUNAL II, UBICADO EN LA DIAGONAL 44 SUR No. 23B-01, DE LA LOCALIDAD DE TUNJUELITO EN LA CIUDAD DE BOGOTÁ D.C.
B5: Nombre de Oferente : | C5: INDICES FINANCIEROS | D5: CAPACIDAD JURIDICA | E5: EXPERIENCIA TÉCNICA | F5: CAPACIDAD RESIDUAL | G5: INFORME FINAL | H5: OBSERVACIONES | I5: SUBSANACION
A6: 1 | B6: =VLOOKUP(A6,'LISTA DE OFERENTES'!$A$6:$B$38,2,FALSE) -> CONSORCIO ESTRUCTURAS Y OBRAS | C6: HABILITADO | D6: HABILITADO | E6: HABILITADO | F6: HABILITADO | H6: El proponente subsana el K residual en debida forma
A7: 2 | B7: =VLOOKUP(A7,'LISTA DE OFERENTES'!$A$6:$B$38,2,FALSE) -> HAPIL INGENIERIA SAS | C7: HABILITADO | D7: HABILITADO | E7: HABILITADO | F7: HABILITADO | H7: El proponente cumplio con los requisitos técnicos solicitados en el pliego de condiciones
A8: 3 | B8: =VLOOKUP(A8,'LISTA DE OFERENTES'!$A$6:$B$38,2,FALSE) -> CONSORCIO SAN FIORANO | C8: HABILITADO | D8: HABILITADO | E8: HABILITADO | F8: HABILITADO | H8: El proponente cumplio con los requisitos técnicos solicitados en el pliego de condiciones
A9: 4 | B9: =VLOOKUP(A9,'LISTA DE OFERENTES'!$A$6:$B$38,2,FALSE) -> INVERSIONES GUERFOR S.A.S | C9: HABILITADO | D9: HABILITADO | E9: HABILITADO | F9: HABILITADO | H9: El proponente subsana en debida forma los requerimiento de experiencia para dos certificaciones presentadas (3472 y 3473 de 2018), sin embargo no se encontraron los otros dos certificados que enuncian el oficio de subsanación. Sin embargo, con los dos contratos que cumplen con experiencia general, experiencia especifica y experiencia secundaria es suficiente para ser HABILITADO por experiencia. K residual se aceptan los formatos enviados corregidos y se calcula nuevamente.
A10: 5 | B10: =VLOOKUP(A10,'LISTA DE OFERENTES'!$A$6:$B$38,2,FALSE) -> CONSORCIO PARQUES C&A | C10: HABILITADO | D10: HABILITADO | E10: HABILITADO | F10: HABILITADO | H10: El proponente cumplio con los requisitos técnicos solicitados en el pliego de condiciones
A11: 6 | B11: =VLOOKUP(A11,'LISTA DE OFERENTES'!$A$6:$B$38,2,FALSE) -> UNION TEMPORAL TUNAL 2022 | C11: HABILITADO | D11: HABILITADO | E11: HABILITADO | F11: HABILITADO | H11: El proponente cumplio con los requisitos técnicos solicitados en el pliego de condiciones
A12: 7 | B12: =VLOOKUP(A12,'LISTA DE OFERENTES'!$A$6:$B$38,2,FALSE) -> CONSORCIO TUNJUELO 2022 | C12: HABILITADO | D12: HABILITADO | E12: HABILITADO | F12: HABILITADO | H12: El proponente cumplio con los requisitos técnicos solicitados en el pliego de condiciones
A13: 8 | B13: =VLOOKUP(A13,'LISTA DE OFERENTES'!$A$6:$B$38,2,FALSE) -> CONSORCIO INGENIERÍA I | C13: HABILITADO | D13: HABILITADO | E13: HABILITADO | F13: HABILITADO | H13: El proponente subsana en debida forma, teniendo en cuenta que el presupuesto que se tiene en cuenta, es lo que relaciona con construcción.
A14: 9 | B14: =VLOOKUP(A14,'LISTA DE OFERENTES'!$A$6:$B$38,2,FALSE) -> UNIÓN TEMPORAL BCC PARQUES BOGOTA 2022 | C14: HABILITADO | D14: HABILITADO | E14: HABILITADO | F14: HABILITADO | H14: El proponente cumplio con los requisitos técnicos solicitados en el pliego de condiciones
A15: 10 | B15: =VLOOKUP(A15,'LISTA DE OFERENTES'!$A$6:$B$38,2,FALSE) -> LAM CONSTRUCCIONES S.A.S | C15: HABILITADO | D15: HABILITADO | E15: HABILITADO | F15: HABILITADO | H15: La primera certificación no cumple con actividad principal general debido a que no se contempla instalación de mobiliario en temas relacionados con parques /espacio publico (se presentan losetas y otros elementos de instalación tipo prefabricado). Por lo tanto no cumple experiencia general principal, sin embargo cumple con la experiencia secundaria. La segunda certificación cumple con todos los requisitos, incluyen lo que menciona en el literal H, numeral 3.5.5. para certificación entre terceros. Debido a esto, solo es suficiente una certificación para quedar habilitado tecnicamente.
A16: 11 | B16: =VLOOKUP(A16,'LISTA DE OFERENTES'!$A$6:$B$38,2,FALSE) -> UNION TEMPORAL PARQUE TUNAL II | C16: HABILITADO | D16: HABILITADO | E16: HABILITADO | F16: HABILITADO | H16: Cumple con la experiencia. Ninguno de los intregantes de la UT, presentan los documentos requeridos para acreditar la capacidad de organizacion (CO) , para el calculo del K Residual, por lo cual se solicita subsanar en debida forma.
A17: 12 | B17: =VLOOKUP(A17,'LISTA DE OFERENTES'!$A$6:$B$38,2,FALSE) -> CONSORCIO UNAL AVL-DHE | C17: HABILITADO | D17: HABILITADO | E17: HABILITADO | F17: HABILITADO | H17: El integrante AV&L INGENIERIA SAS del proponente Consorcio UNAL AVL-DHE aporta un solo contrato que cumple con todas las exigencias del pliego y tiene una participacion del 95% y habilita al proponente
... A31: 26 | B31: =VLOOKUP(A31,'LISTA DE OFERENTES'!$A$6:$B$38,2,FALSE) -> UNIOBRAS DEL ORIENTE SAS | C31: HABILITADO | D31: HABILITADO | E31: NO HABILITADO | F31: HABITADO | H31: El proponente NO CUMPLE con los requisitos técnicos solicitados en el pliego de condiciones, en relacion a la experiencia especifica en el contrato No. 1, y la experiencia general y especifica en el contrato No. 2 . Por lo anterior, debera subsanar en debida forma. Cumplio con los soportes y el calculo del Kresidual.
A32: 27 | B32: =VLOOKUP(A32,'LISTA DE OFERENTES'!$A$6:$B$38,2,FALSE) -> CONSORCIO TUNAL CL | C32: HABILITADO | D32: HABILITADO | E32: HABILITADO | F32: HABILITADO | H32: CUMPLE CON LA EXPERIENCIA DE CONFORMIDAD A LA INFORMACION DE LA INTEGRACION DEL CONSORCIO VERIFICADA EN EL SECOP II, SIN EMBARGO, NO PRESENTA DOCUMENTO DE CONFORMACION CONSORCIAL, POR LO ANTERIOR, DEBE ADJUNTAR DICHO DOCUMENTO. NO SE REALIZO EL K RESIDUAL POR CUANTO EL PROPONENTE NO ADJUNTO EL DOCUMENTO DE CONFORMACION CONSORCIAL. | I32: EL PROPONENTE DE CONFORMIDAD A LA OBSERVACION MEDIANTE OFICIO No. CP‐SAS‐098‐2022 ANEXA DOCUMENTO CONSORCIAL DONDE SE PUEDE VERIFICAR LA RESPECTIVA PARTICIPACION DE LOS INTEGRANTES DEL MISMO. IGUALMENTE , CON EL RESPECTIVO SOPORTE DE LA SUBASANACION SE CALIFICO EL K RESIDUAL EL CUAL QUEDO HABILITADO.
A33: 28 | B33: =VLOOKUP(A33,'LISTA DE OFERENTES'!$A$6:$B$38,2,FALSE) -> MAURICIO RAFAEL PABA PINZON | C33: HABILITADO | D33: HABILITADO | E33: HABILITADO | F33: HABILITADO | H33: El proponente cumplio con los requisitos técnicos solicitados en el pliego de condiciones LA CAPACIDAD RESIDUAL DEL PROPONENTE NO ES MAYOR O IGUAL A LA CAPACIDAD RESIDUAL DEL PROCESO DE CONTRATACION. | I33: UNA VEZ EL PROPONENTE PRESENTA LAS SUBSANACIONES PARA EL KRESIDUAL, SE VUELVE A REALIZAR EL RESPECTIVO CALCULO, LO CUAL ARROJA EL CUMPLIMIENTO DEL MISMO.
A34: 29 | B34: =VLOOKUP(A34,'LISTA DE OFERENTES'!$A$6:$B$38,2,FALSE) -> CONSORCIO CDJ 05 | C34: HABILITADO | D34: HABILITADO | E34: HABILITADO | F34: HABILITADO | H34: Para el contrato relacionado, el mismo no cumple para la actividad principal de experiencia general, por cuanto lo señalado en el contrato corresponde a intervencion en la malla vial, diferente a lo solicitado en los pliegos de condiciones LA CAPACIDAD RESIDUAL DEL PROPONENTE NO ES MAYOR O IGUAL A LA CAPACIDAD RESIDUAL DEL PROCESO DE CONTRATACION. EL INTEGRANTE DEL CONSORCIO WILLIAMS.CO EN EL DOCUMENTO DE ESTADO DE RESULTADOS NO APORTA LOS RESPECTIVOS SOPORTES DE ACUERDO AL NUMERAL 3.10.2 DEL PLIEGO DE CONDICIONES." | I34: Verificado el acta de liquidacion y de conformidad a lo relacionado por el proponente en la subsanacion se verifica que el contrato No 1 cumple con lo exigido en el pliego de condiciones y se habilita al proponente. ASI MISMO, UNA VEZ EL PROPONENTE SE VERIFICA LOS ESTADOS FINANCIEROS DEL AÑO SEÑALADO EN LA SUBSANACION Y SE VUELVE A REALIZAR EL RESPECTIVO CALCULO, LO CUAL ARROJA EL CUMPLIMIENTO DEL MISMO.
A35: 30 | B35: =+'LISTA DE OFERENTES'!B35 -> CONSORCIO PARQUES INLF | C35: HABILITADO | D35: HABILITADO | E35: HABILITADO | F35: HABILITADO | H35: El contrato No. 1, no cumple con lo requerido en el pliego de condiciones con relacion a: CONSTRUCCIÓN Y/O RECONSTRUCCIÓN DE PARQUES Ó ||. CONSTRUCCIÓN Y/O RECONSTRUCCIÓN DE ESPACIO PUBLICO Asi mismo, los documentos presentados no se puede descrimir las actividades reales para calcular la actividad principal y la experiencia especifica en zonas verdes, urbanismo y/o paisajismo. Para el contrato No. 2 relacionado y toda vez que la contratacion es entre particulares se hace necesario anexar los documentos exigidos en el pliego de condiciones en el numeral 3.5.5 "Para efectos de acreditación de experiencia entre particulares, el Proponente deberá aportar,además, la certificación de facturación expedida con posterioridad a la fecha de terminación del Contrato emitida por el revisor fiscal o contador público del Proponente que acredita la experiencia, según corresponda, con la copia de la tarjeta profesional y certificado de antecedente disciplinarios vigente, de la Junta Central de Contadores, o los documentos equivalentes que hagan sus veces en el país donde se expide el documento del profesional." | I35: Verificado la certificacion y de conformidad a lo relacionado por el proponente en la subsanacion y cumpliendo lo señalado en el pliego de condiciones, se verifica que cumple con las actividades de construccion de espacio público y se habilita al proponente.
A36: 31 | B36: =VLOOKUP(A36,'LISTA DE OFERENTES'!$A$6:$B$38,2,FALSE) -> CONSORCIO CONSTRUC. PARQUE TUNAL II | C36: HABILITADO | D36: HABILITADO | E36: HABILITADO | F36: HABILITADO | H36: SE CORRIGIO Y ACLARO LA CAPACIDAD RESIDUAL
A37: 32 | B37: =VLOOKUP(A37,'LISTA DE OFERENTES'!$A$6:$B$38,2,FALSE) -> CONSORCIO TUNALITO | C37: HABILITADO | D37: HABILITADO | E37: HABILITADO | F37: HABILITADO | H37: SE CORRIGIO Y ACLARO LA CAPACIDAD RESIDUAL
A38: 33 | B38: =VLOOKUP(A38,'LISTA DE OFERENTES'!$A$6:$B$38,2,FALSE) -> CONSORCIO EL TUNAL V4G | C38: HABILITADO | D38: HABILITADO | E38: HABILITADO | F38: HABILITADO
A39: 34 | B39: =VLOOKUP(A39,'LISTA DE OFERENTES'!$A$6:$B$43,2,FALSE) -> PANAM INGENIEROS SAS | C39: HABILITADO | D39: HABILITADO | E39: HABILITADO | F39: HABILITADO
A40: 35 | B40: =VLOOKUP(A40,'LISTA DE OFERENTES'!$A$6:$B$43,2,FALSE) -> CONSORCIO TUNJUELITO VHJ | C40: HABILITADO | D40: HABILITADO | E40: HABILITADO | F40: HABILITADO
A41: 36 | B41: =VLOOKUP(A41,'LISTA DE OFERENTES'!$A$6:$B$43,2,FALSE) -> CONSORCIO PARQUE VECINAL 2022 | C41: HABILITADO | D41: HABILITADO | E41: HABILITADO | F41: HABILITADO | H41: SE CORRIGIO Y ACLARO LA CAPACIDAD RESIDUAL
A42: 37 | B42: =VLOOKUP(A42,'LISTA DE OFERENTES'!$A$6:$B$43,2,FALSE) -> CONSORCIO PARQUE CAIS2022 | C42: HABILITADO | D42: RECHAZADO | E42: RECHAZADO | F42: HABILITADO | H42: SUBSANAR AREAS.NO PRESENTA LA CERTIFICACION QUE COMPRUEBE QUE HA TENIDO OBRAS ENE LAS QUES E DENOTEN LAS AREAS DE CONSTRUCCION; SOLO DOS DE LOS COMPONENTES DEL CONSORCIO PRESENTAN LOS CERTIFICADOS DE AREA Y EL TERCER PROPONENTE NO ENTREGA CERTIFICADO, INCOSS INGENIERIA SAS CONTRATO DISENO, CONSTRUCCION, REHABILITACION, AMPLIACION Y MANTENIMIENTO DE LA MALLA VIAL DEL DISTRITO TURISTICO, CULTURAL E HISTORICO DE SANTA MARTA;UNION TEMPORAL CONCESION SANTA MARTA 2000.
A43: 38 | B43: =VLOOKUP(A43,'LISTA DE OFERENTES'!$A$6:$B$43,2,FALSE) -> PHVA CONSTRUCTORES SAS | C43: HABILITADO | D43: HABILITADO | E43: HABILITADO | F43: HABILITADO | H43: SE CORRIGIO Y ACLARO LA CAPACIDAD RESIDUAL
